 Dungeon Crawl Stone Soup version 0.29-a0-271-gd4eb659eea (webtiles) character file.

Game seed: 14852584571820202849

1074609 brobrobrille the Sorcerer (level 27, -4/272 (280) HPs)
             Began as a Demonspawn Conjurer on Feb 28, 2022.
             Was an Initiate of Gozag.
             Killed from afar by a Tzitzimitl (8 damage)
             ... with a bolt of negative energy
             ... on level 20 of a ziggurat on Mar 8, 2022.
             The game lasted 19:13:30 (201703 turns).

brobrobrille the Sorcerer (Demonspawn Conjurer)   Turns: 201703, Time: 19:13:32

HP:   -4/272 (280)  AC: 32    Str: 22    XL:     27
MP:   53/62         EV: 17    Int: 42    God:    Gozag
Gold: 12065         SH: 23    Dex: 11    Spells: 0/78 levels left

rFire   + + +      SeeInvis +   w - +4 rapier "Grim Tooth" {flame, +Blink Str+4 Int+3}
rCold   + + +      Faith    .   D - +2 shield of Resistance {rF++ rC++ Will++}
rNeg    + . .      Spirit   .   A - quicksilver dragon scales of Sloth {Will+ Regen+ Int+3}
rPois   +          Reflect  .   o - +2 helmet {SInv}
rElec   +          Harm     .   n - +4 dragonskin cloak
rCorr   +          Rampage  ∞   (gloves unavailable)
Will    +++++                   r - +3 pair of seven-league boots {Rampage+∞}
Stlth   +++.......              p - macabre finger necklace {rN+}
HPRegen 6.35/turn               H - ring of Free Will {rElec rPois Int+7 Dex-4 Stlth+}
MPRegen 0.38/turn               f - ring of Xorch {rF+ rC+ rCorr MP+9 Str+2}
                                O - ring of Poecisk {Wiz Drain rF+ Str+5 Dex+2}

@: brilliant, gold aura, doom-hounded, hasted and slowed, wreathed by umbra,
studying 5 skills, silenced, lightly drained
A: claws 3, large bone plates 3, powered by death 3, robust 3, spiny 3
}: 4/15 runes: barnacled, slimy, silver, gossamer
a: Renounce Religion, Evoke Blink


You were on level 20 of a ziggurat.
You worshipped Gozag.
Gozag was extremely pleased with you.
You visited 12 branches of the dungeon, and saw 57 of its levels.
You visited 3 ziggurats (completing 2), and saw 74 of their levels.
You also visited: Trove, Ice Cave, Volcano and Wizlab.

You collected 73087 gold pieces.
You spent 8527 gold pieces at shops.
You paid 52495 gold pieces to Gozag.

Inventory:

Hand Weapons
 a - the +11 trident of Cowardice {vorpal, Int+7}
   (You found it on level 22 of a ziggurat)

   It inflicts extra damage upon your enemies.
   Int:       It affects your intelligence (+7).
 b - the +8 mithril axe "Arga" {speed, Will+}
   (You found it on level 24 of a ziggurat)

   Attacks with this weapon are significantly faster.
   Will:      It increases your willpower.
 d - a +1 war axe of distortion
 w - the +4 rapier "Grim Tooth" (weapon) {flame, +Blink Str+4 Int+3}
   (You found it on level 3 of the Spider Nest)

   It burns those it strikes, dealing additional fire damage.
   Str:       It affects your strength (+4).
   Int:       It affects your intelligence (+3).
   +Blink:    It lets you blink.
 B - the +5 scythe "Finisher" {speed, eviscerate}
   (You found it on level 16 of a ziggurat)

   Attacks with this weapon are significantly faster.
   It may eviscerate those it strikes, slaying them instantly, with a decreasing
   chance against stronger foes.
Missiles
 x - 37 silver javelins (quivered)
 E - 16 silver boomerangs
Armour
 n - the +4 dragonskin cloak (worn)
   (You took it off Tiamat on level 3 of the Realm of Zot)

   It grants the wearer a chance to resist fire, cold, poison, electricity,
   acid, and negative energy.
 o - a +2 helmet of see invisible (worn)
 r - the +3 pair of seven-league boots (worn) {Rampage+∞}
   (You acquired it on level 2 of the Elven Halls)

   Its wearer moves as far as possible in that direction when moving towards
   enemies.
 v - the +2 helmet of Spite {+Inv rN+ Will+ Stlth-}
   (You acquired it on level 3 of the Depths)

   rN:        It protects you from negative energy.
   +Inv:      It lets you turn invisible.
   Will:      It increases your willpower.
   Stlth:     It makes you less stealthy.
 A - the quicksilver dragon scales of Sloth (worn) {Will+ Regen+ Int+3}
   (You found it on level 15 of a ziggurat)

   Int:       It affects your intelligence (+3).
   Regen:     It increases your rate of health regeneration.
   Will:      It increases your willpower.
 D - the +2 shield of Resistance (worn) {rF++ rC++ Will++}
   (You found it on level 26 of a ziggurat)

   rF:        It greatly protects you from fire.
   rC:        It greatly protects you from cold.
   Will:      It greatly increases your willpower.
Jewellery
 c - the ring of Qaneikk {Wiz rF+++ rC- Will- Stlth+}
   (You found it on level 13 of a ziggurat)

   [ring of wizardry]

   It improves your spell success rate.
   rF:        It renders you almost immune to fire.
   rC:        It makes you vulnerable to cold.
   Will:      It decreases your willpower.
   Stlth:     It makes you more stealthy.
 f - the ring of Xorch (right claw) {rF+ rC+ rCorr MP+9 Str+2}
   (You took it off a deep elf pyromancer on level 2 of the Elven Halls)

   [ring of protection from fire]

   Str:       It affects your strength (+2).
   rF:        It protects you from fire.
   rC:        It protects you from cold.
   MP:        It affects your magic capacity (+9).
   rCorr:     It protects you from acid and corrosion.
 p - the macabre finger necklace (around neck) {rN+}
   (You found it on level 5 of the Pits of Slime)

   [amulet of nothing]

   It enables you to equip an extra ring.
   rN:        It protects you from negative energy.
 H - the ring of Free Will (left claw) {rElec rPois Int+7 Dex-4 Stlth+}
   (You found it on level 25 of a ziggurat)

   [ring of poison resistance]

   Int:       It affects your intelligence (+7).
   Dex:       It affects your dexterity (-4).
   rElec:     It insulates you from electricity.
   rPois:     It protects you from poison.
   Stlth:     It makes you more stealthy.
 K - the ring "Suxankyz" {Dex+4 SInv}
   (You found it on level 23 of a ziggurat)

   [ring of see invisible]

   Dex:       It affects your dexterity (+4).
   SInv:      It lets you see invisible.
 M - the ring "Cunuesam" {rElec SInv}
   (You found it on level 16 of a ziggurat)

   [ring of see invisible]

   rElec:     It insulates you from electricity.
   SInv:      It lets you see invisible.
 N - the ring "Egeankum" {Wiz rF+ rC- Str+7}
   (You found it on level 16 of a ziggurat)

   [ring of wizardry]

   It improves your spell success rate.
   Str:       It affects your strength (+7).
   rF:        It protects you from fire.
   rC:        It makes you vulnerable to cold.
 O - the ring of Poecisk (on amulet) {Wiz Drain rF+ Str+5 Dex+2}
   (You bought it in a shop on level 2 of the Vaults)

   [ring of wizardry]

   It improves your spell success rate.
   Str:       It affects your strength (+5).
   Dex:       It affects your dexterity (+2).
   rF:        It protects you from fire.
   Drain:     It drains your maximum health when unequipped.
 Q - the amulet of Tausmus {Reflect SH+5 SInv Stlth+}
   (You found it on level 16 of a ziggurat)

   [amulet of reflection]

   It reflects blocked missile attacks.
   SInv:      It lets you see invisible.
   SH:        It affects your SH (+5).
   Stlth:     It makes you more stealthy.
 R - the amulet "Cobbeen" {RegenMP rC- Will- Int+7}
   (You found it on level 17 of a ziggurat)

   [amulet of magic regeneration]

   It increases your rate of magic regeneration.
   Int:       It affects your intelligence (+7).
   rC:        It makes you vulnerable to cold.
   Will:      It decreases your willpower.
 S - the amulet of the Air {Inacc Air Fly rElec RMsl}
   (You found it on level 17 of a ziggurat)

   [amulet of nothing]

   It reduces the accuracy of all your attacks.
   It enhances your air magic.
   rElec:     It insulates you from electricity.
   Fly:       It grants you flight.
   RMsl:      It protects you from missiles.
 T - the amulet "Roryruem" {Acrobat Harm Rampage rPois}
   (You found it on level 19 of a ziggurat)

   [amulet of the acrobat]

   It increases your evasion while moving and waiting.
   rPois:     It protects you from poison.
   Harm:      It increases damage dealt and taken.
   Rampage:   It bestows one free step when moving towards enemies.
Scrolls
 e - 13 scrolls of magic mapping
 j - 12 scrolls of blinking
 k - a scroll of summoning
 q - 8 scrolls of amnesia
 u - 33 scrolls of fog
 y - 3 scrolls of silence
 z - 2 scrolls of torment
 P - a scroll of enchant armour
 X - 70 scrolls of teleportation
Potions
 h - 17 potions of cancellation
 l - 13 potions of might
 m - 2 potions of magic
 s - 8 potions of ambrosia
 C - 5 potions of resistance
 G - 43 potions of mutation
 I - a potion of invisibility
 J - 17 potions of heal wounds
 Z - 23 potions of curing
Miscellaneous
 g - a tin of tremorstones (2/2)
 i - a phantom mirror
 t - a box of beasts
 F - a lightning rod (4/4)
 L - a condenser vane (inert)


   Skills:
 + Level 17.7 Fighting
 - Level 17.8(18.0) Axes
 - Level 4.0(12.3) Maces & Flails
 - Level 16.0 Throwing
 + Level 20.8 Armour
 + Level 19.4 Dodging
 + Level 5.0 Stealth
 + Level 17.5 Shields
 + Level 26.3 Spellcasting
 + Level 23.4 Conjurations
 - Level 7.0 Hexes
 + Level 23.5 Necromancy
 - Level 7.0 Translocations
 - Level 12.0 Transmutations
 * Level 23.6 Fire Magic
 * Level 23.6 Ice Magic
 * Level 23.6 Air Magic
 * Level 23.6 Earth Magic
 + Level 15.4 Evocations


You couldn't memorise any spells.
You knew the following spells:

 Your Spells              Type           Power      Damage    Failure   Level
b - Sublimation of Blood  Necr           100%       N/A       0%          2
e - Irradiate             Conj/Tmut      70%        3d37      0%          5
g - Apportation           Tloc           100%       N/A       1%          1
n - Necromutation         Tmut/Necr      70%        N/A       1%          8
o - Orb of Destruction    Conj           77%        9d17      1%          7
v - Passage of Golubria   Tloc           100%       N/A       1%          4
C - Chain Lightning       Conj/Air       77%        3d103     1%          9
D - Death's Door          Necr           77%        N/A       1%          9
I - Ignition              Fire           77%        3d20      1%          8
O - Ozocubu's Refrigerat  Ice            77%        4d20      1%          7
P - Polar Vortex          Ice            77%        N/A       1%          9
S - Shatter               Erth           77%        3d56*     1%          9

Your spell library contained the following spells:

 Spells                   Type           Power      Damage    Failure   Level
 Animate Skeleton         Necr           100%       N/A       0%          1
 Beastly Appendage        Tmut           100%       N/A       0%          1
 Foxfire                  Conj/Fire      100%       2x1d9     0%          1
 Freeze                   Ice            100%       1d11      0%          1
 Magic Dart               Conj           100%       1d8       0%          1
 Pain                     Necr           100%       1d9       0%          1
 Sandblast                Erth           100%       2d20      0%          1
 Shock                    Conj/Air       100%       1d9       0%          1
 Corpse Rot               Necr/Air       100%       N/A       0%          2
 Ensorcelled Hibernation  Hex/Ice        100%       N/A       0%          2
 Passwall                 Tmut/Erth      100%       N/A       0%          2
 Poisonous Vapours        Pois/Air       100%       N/A       0%          2
 Scorch                   Fire           100%       2d10      0%          2
 Searing Ray              Conj           100%       2d8       0%          2
 Static Discharge         Conj/Air       100%       N/A       0%          2
 Wereblood                Tmut           100%       N/A       0%          2
 Conjure Flame            Conj/Fire      100%       6-21      0%          3
 Dazzling Flash           Conj/Hex       100%       N/A       0%          3
 Frozen Ramparts          Ice            100%       1d12      0%          3
 Ignite Poison            Fire/Tmut/Pois 100%       N/A       0%          3
 Inner Flame              Hex/Fire       100%       N/A       0%          3
 Mephitic Cloud           Conj/Pois/Air  100%       N/A       0%          3
 Ozocubu's Armour         Ice            100%       N/A       0%          3
 Stone Arrow              Conj/Erth      100%       3d13      0%          3
 Swiftness                Air            100%       N/A       0%          3
 Vampiric Draining        Necr           100%       2d13      0%          3
 Airstrike                Air            77%        N/A       0%          4
 Anguish                  Hex/Necr       67%        N/A       0%          4
 Animate Dead             Necr           77%        N/A       0%          4
 Dispel Undead            Necr           100%       3d31      0%          4
 Flame Wave               Conj/Fire      100%       2d17      0%          4
 Fulminant Prism          Conj/Hex       67%        3d28      0%          4
 Hailstorm                Conj/Ice       100%       3d20      0%          4
 Ice Form                 Ice/Tmut       100%       N/A       0%          4
 Iskenderun's Mystic Bla  Conj/Tloc      100%       2d19      0%          4
 Leda's Liquefaction      Hex/Erth       67%        N/A       0%          4
 Petrify                  Tmut/Erth      100%       N/A       0%          4
 Sticky Flame             Conj/Fire      100%       2d11      0%          4
 Agony                    Necr           100%       N/A       0%          5
 Borgnjor's Vile Clutch   Necr/Erth      77%        N/A       0%          5
 Excruciating Wounds      Necr           77%        N/A       0%          5
 Fireball                 Conj/Fire      77%        3d29      0%          5
 Freezing Cloud           Conj/Ice/Air   77%        6-21      0%          5
 Iskenderun's Battlesphe  Conj           100%       2d15      0%          5
 Lee's Rapid Deconstruct  Erth           77%        3d36*     0%          5
 Lightning Bolt           Conj/Air       77%        1d104     0%          5
 Conjure Ball Lightning   Conj/Air       77%        3x3d28    0%          6
 Death Channel            Necr           77%        N/A       0%          6
 Iron Shot                Conj/Erth      77%        9d14      0%          6
 Simulacrum               Ice/Necr       77%        N/A       0%          6
 Starburst                Conj/Fire      77%        6d20      0%          6
 Slow                     Hex            100%       N/A       1%          1
 Sting                    Tmut/Pois      100%       1d8       1%          1
 Summon Small Mammal      Summ           100%       N/A       1%          1
 Blink                    Tloc           100%       N/A       1%          2
 Call Imp                 Summ           70%        N/A       1%          2
 Call Canine Familiar     Summ           70%        N/A       1%          3
 Confusing Touch          Hex            100%       N/A       1%          3
 Gell's Gravitas          Tloc           100%       N/A       1%          3
 Lesser Beckoning         Tloc           100%       N/A       1%          3
 Portal Projectile        Hex/Tloc       100%       N/A       1%          3
 Spider Form              Tmut/Pois      100%       N/A       1%          3
 Summon Guardian Golem    Hex/Summ       91%        N/A       1%          3
 Teleport Other           Tloc           100%       N/A       1%          3
 Tukima's Dance           Hex            100%       N/A       1%          3
 Animate Armour           Summ/Erth      100%       N/A       1%          4
 Cause Fear               Hex            53%        N/A       1%          4
 Summon Ice Beast         Ice/Summ       100%       N/A       1%          4
 Summon Lightning Spire   Summ/Air       100%       N/A       1%          4
 Alistair's Intoxication  Tmut/Pois      68%        N/A       1%          5
 Blade Hands              Tmut           62%        N/A       1%          5
 Manifold Assault         Tloc           100%       N/A       1%          5
 Metabolic Englaciation   Hex/Ice        67%        N/A       1%          5
 Silence                  Hex/Air        67%        N/A       1%          5
 Summon Forest            Summ/Tloc      45%        N/A       1%          5
 Summon Mana Viper        Hex/Summ       91%        N/A       1%          5
 Yara's Violent Unravell  Hex/Tmut       58%        3d22      1%          5
 Statue Form              Tmut/Erth      94%        N/A       1%          6
 Dragon Form              Tmut           62%        N/A       1%          7
 Haunt                    Necr/Summ      62%        N/A       1%          7
 Spellforged Servitor     Conj/Summ      62%        N/A       1%          7
 Storm Form               Tmut/Air       70%        N/A       1%          7
 Borgnjor's Revivificati  Necr           77%        N/A       1%          8
 Infestation              Necr           77%        N/A       1%          8
 Lehudib's Crystal Spear  Conj/Erth      77%        10d17     1%          8
 Maxwell's Capacitive Co  Air            77%        ∞         1%          8
 Fire Storm               Conj/Fire      77%        8d20      1%          9
 Olgreb's Toxic Radiance  Pois           70%        N/A       2%          4
 Dispersal                Tloc           53%        N/A       2%          6
 Eringya's Noxious Bog    Tmut/Pois      51%        N/A       3%          6
 Enfeeble                 Hex            53%        N/A       12%         7
 Summon Cactus Giant      Summ           35%        N/A       34%         6
 Malign Gateway           Summ/Tloc      45%        N/A       43%         7
 Discord                  Hex            53%        N/A       63%         8
 Disjunction              Tloc           53%        N/A       63%         8
 Monstrous Menagerie      Summ           35%        N/A       87%         7
 Summon Hydra             Summ           35%        N/A       87%         7
 Dragon's Call            Summ           35%        N/A       100%        9


Dungeon Overview and Level Annotations

Branches:
Dungeon (15/15)            Temple (1/1) D:7            Lair (6/6) D:10
 Shoals (4/4) Lair:2       Spider (4/4) Lair:4        Slime (5/5) Lair:6
    Orc (2/2) D:9             Elf (3/3) Orc:2        Vaults (5/5) D:13
  Crypt (3/3) Vaults:2       Tomb (0/3) Crypt:3      Depths (4/4) D:15
    Zot (5/5) Depths:4      IceCv (visited)         Volcano (visited)
 WizLab (visited)

Altars:
Ashenzari
Cheibriados
Dithmenos
Elyvilon
Fedhas
Gozag
Hepliaklqana
Kikubaaqudgha
Makhleb
Nemelex Xobeh
Okawaru
Qazlal
Ru
Sif Muna
Trog
Uskayaw
Vehumet
Wu Jian
Xom
Yredelemnul
Zin
The Shining One
Beogh

Shops:
D:10 !?   D:11 *   D:14 ?=:(   Orc:1 ::!   Orc:2 =[(   Shoals:1 !   Slime:1 ?
Vaults:1 **?   Vaults:2 :=   Vaults:5 ?!   Zot:5 *

Portals:
Hell: Lair:6 Depths:1 Depths:2 Depths:3 Depths:4
Abyss: Depths:1 Depths:3
Pandemonium: Depths:2

Annotations:
D:3 money, need flight
Vaults:4 Hanyag's ghost, adept PaMo
Depths:3 1 runed translucent door, exclusion: door, Hasart's ghost, veteran DgHu
Zot:4 3 runed translucent doors, Monuoraozee's ghost, legendary GnTm
Zot:5 1 exclusion


Innate Abilities, Weirdness & Mutations

You have claws for hands.
You are completely covered in large bone plates. (SH +8)
You regenerate a lot of health from kills.
You are extremely robust. (+30% HP)
You are completely covered in sharp spines.


Message History

You feel stable enough to blink again.
The reaper is no longer distracted by gold.
The doom hound is engulfed in freezing vapours.
The doom hound is distracted by your dazzling golden aura.
The spectral juggernaut is engulfed in freezing vapours.
The tainted leviathan is engulfed in freezing vapours. x2
The bone dragon is engulfed in freezing vapours.
You block the putrid mouth's attack. x2
The putrid mouth is distracted by your dazzling golden aura.
The reaper completely misses you.
The reaper is engulfed in freezing vapours. x2
The Tzitzimitl is engulfed in freezing vapours.
The Tzitzimitl engulfs you!
* * * LOW HITPOINT WARNING * * *
The Tzitzimitl drains your vigour!
You feel as though you will be slow longer.
You block the Tzitzimitl's attack.
You blink.
The doom hound is no longer distracted by gold.
The spectral juggernaut is engulfed in freezing vapours.
The Tzitzimitl calls on the powers of darkness!
Your body is wracked with pain!
* * * LOW HITPOINT WARNING * * *
The putrid mouth is distracted by your dazzling golden aura.
The tainted leviathan is engulfed in freezing vapours.
The putrid mouth is engulfed in freezing vapours.
You destroy the putrid mouth!
The bone dragon bites you!
* * * LOW HITPOINT WARNING * * *
The bone dragon claws you but does no damage.
You block the bone dragon's attack. The Tzitzimitl gestures at you.
The bolt of negative energy hits the Tzitzimitl.
The Tzitzimitl completely resists.
The bolt of negative energy hits the putrid mouth.
The putrid mouth completely resists.
The putrid mouth is no longer distracted by gold.
The bolt of negative energy hits you! You partially resist.
You feel drained.
You die...
Your body crumbles into a pile of gold.

▓.☼☼22D1°.###2..DW...
▓▓☼○.WZD§☼.#e#..1.....
▓WCZDhCZ§.°###W.D.....
▓Z1C○§C2ZW.D..D.......
▓A21°hD2§D..D°........
▓▓1hW1W§○2.°.h°....h...
▓)°ZC☼§1.§...W°°.......
▓▓WL☼☼§D§☼....°........
▓?$○C@.§§.............
▓!(§1○................
▓..........###........
▓▓...h.....#L#........
▓.........###W.......
▓▓........°.,,,,.....
▓▓.......°.,,,,,,,,,
▓▓.......☼,,,,,,,,,
***,,,,,,,,,,,,,,,


You could see 7 bone dragons, a profane servitor, 6 tainted leviathans, 5 doom
hounds, an ancient lich, a dread lich, 6 Tzitzimimeh, 2 reapers, 6 putrid
mouths, a deep elf demonologist, a silent spectre (silencing), a spectral shadow
dragon, 2 spectral iron dragons, a spectral titan, a spectral glowing
shapeshifter, a spectral juggernaut and 2 tormentors.

Vanquished Creatures
  the Royal Jelly (Slime:5)
  Dissolution (Slime:5)
  6 dread liches
  8 ancient liches
  An orb of fire (Zot:3)
  Mennas (Crypt:1)
  6 juggernauts
  The ghost of anonymous the Archmage, a master DEEE of Vehumet (Zot:5)
  Sojobo (Vaults:5)
  The ghost of Nofozin the Slayer, a veteran FoFi of Vehumet (Crypt:2)
  70 pandemonium lords
  19 royal mummies
  Frederick (Depths:4)
  40 Killer Klowns
  5 shard shrikes
  Saint Roka (Crypt:1)
  26 caustic shrikes
  Zenata (Zot:1)
  2 curse toes
  33 golden dragons
  The ghost of Yzeiphu the Earth Mage, an adept OpEE of Vehumet (Crypt:2)
  A profane servitor (Zig:21)
  Arachne (Spider:4)
  Jory (Crypt:1)
  The ghost of Cunubiurch the Eclecticist, a veteran VSSu of Ashenzari (Crypt:1)
  16 Tzitzimimeh
  11 iron giants
  10 bone dragons
  A doom hound (Zig:20)
  The ghost of Weimiffu the Spry, an adept DDEE of Makhleb (Shoals:2)
  14 Brimstone Fiends
  The ghost of manifold the Brawler, an adept TrWr of Okawaru (Vaults:4)
  The ghost of Taoger the Eclecticist, an adept DsTm of Cheibriados (Vaults:4)
  5 electric golems
  6 hellephants
  Jorgrun (Spider:1)
  Rupert (Lair:6)
  37 Hell Sentinels
  Asterion (Spider:1)
  18 liches
  The ghost of Qetoluuv the Tortoise, an adept GrFi of Makhleb (Crypt:1)
  The ghost of Wewoy the Tortoise, an adept GrFi of Makhleb (Crypt:2)
  The ghost of Wewoy the Tortoise, an adept GrFi of Makhleb (Crypt:1)
  The ghost of Cuar the Tortoise, an adept GrFi of Makhleb (Crypt:1)
  The ghost of Dassydak the Tortoise, an adept GrFi of Makhleb (Crypt:1)
  The ghost of Acous the Tortoise, an adept GrFi of Makhleb (Crypt:1)
  The ghost of Acous the Tortoise, an adept GrFi of Makhleb (Crypt:1)
  38 tentacled monstrosities
  21 Ice Fiends
  Mlioglotl (Spider:4)
  7 deep elf blademasters
  45 acid blobs
  11 titans
  7 searing wretches (Zig:17)
  10 quicksilver dragons
  17 ancient champions
  8 tentacled starspawn
  2 krakens (Shoals:3)
  19 deep elf master archers
  2 quicksilver dragons (shapeshifter)
  An acid blob (shapeshifter) (Depths:2)
  Frances (D:12)
  2 thorn hunters (Zig:13)
  13 Executioners
  14 tengu reavers
  2 sphinxes (shapeshifter)
  4 shadow dragons (shapeshifter)
  19 shadow dragons
  Kirke (D:14)
  4 death cobs
  10 revenants
  17 draconian monks
  18 sphinxes
  25 azure jellies
  2 azure jellies (shapeshifter) (Zig:15)
  29 nagarajas
  12 demonspawn warmongers
  23 frost giants
  3 fire giants (shapeshifter)
  23 draconian knights
  24 narguns
  13 storm dragons
  14 rockslimes
  32 fire giants
  The ghost of Yorgos the Fencer, a journeyman MiBe of Trog (Shoals:1)
  4 fenstrider witches (shapeshifter)
  23 emperor scorpions
  6 frost giants (shapeshifter)
  15 iron dragons
  14 draconian scorchers
  11 cacodemons
  3 iron dragons (shapeshifter) (Depths:2)
  15 deep elf sorcerers
  37 ghost moths
  25 vault wardens
  An emperor scorpion (shapeshifter) (Zig:5)
  36 orc warlords
  25 quicksilver elementals
  Louise (Elf:3)
  6 curse skulls
  A ghost moth (shapeshifter) (Depths:2)
  34 balrugs
  17 demonspawn corrupters
  3 deep elf elementalists
  12 draconian stormcallers
  16 draconian shifters
  10 demonspawn blood saints
  19 draconian annihilators
  20 quicksilver oozes
  24 ironbound preservers
  7 ghouls
  4 caustic shrike zombies
  4 juggernaut skeletons
  6 bennus
  9 ironbound thunderhulks
  8 broodmothers
  50 stone giants
  18 reapers
  7 caustic shrike skeletons
  28 very ugly things
  23 war gargoyles
  13 green draconians
  16 vampire knights
  5 stone giants (shapeshifter)
  9 eleionomae
  19 deep elf demonologists
  An eleionoma (shapeshifter) (Zig:15)
  14 purple draconians
  12 lorocyprocas
  4 bunyips
  45 entropy weavers
  15 deep elf annihilators
  20 white draconians
  14 demonspawn black suns
  22 wendigos
  5 dire elephants
  2 putrid mouths (Zig:20)
  An entropy weaver (shapeshifter) (Zig:15)
  18 black draconians
  2 spark wasps (shapeshifter)
  7 spark wasps
  18 yellow draconians
  3 minotaurs (Shoals:4)
  17 red draconians
  19 iron golems
  16 blizzard demons
  8 eidola
  12 fire dragons
  A quicksilver dragon zombie (Zig:21)
  14 deep elf death magi
  19 mummy priests
  7 jiangshi
  A fire dragon (shapeshifter) (Zig:24)
  32 green deaths
  16 merfolk javelineers
  Josephine (D:10)
  20 ettins
  Snorg (D:10)
  31 yaktaur captains
  28 great orbs of eyes
  5 crystal guardians
  2 ettins (shapeshifter)
  12 deep elf high priests
  5 quicksilver dragon skeletons
  Fannar (D:11)
  8 shambling mangroves
  A juggernaut simulacrum (Zig:12)
  A boulder beetle (shapeshifter) (Zig:19)
  13 merfolk impalers
  A spectral golden dragon (Depths:1)
  A caustic shrike simulacrum (IceCv)
  A spriggan zombie (Crypt:1)
  6 ice dragons
  5 naga warriors
  7 merfolk avatars
  22 boulder beetles
  40 vault guards
  2 hydras (shapeshifter)
  An ice dragon (shapeshifter) (Zig:15)
  3 ghost crabs
  14 salamander tyrants
  7 ogre magi
  4 rakshasas
  46 hydras
  A catoblepas (Lair:2)
  4 hell beasts
  2 peacekeepers
  6 jorogumos
  4 alligator snapping turtles (shapeshifter)
  An anaconda (Zig:20)
  2 anacondas (shapeshifter)
  4 spriggan air magi
  Erica (D:8)
  A catoblepas (shapeshifter) (Vaults:4)
  The ghost of Zgarb the Quickloader, a journeyman TeHu of Hepliaklqana (Lair:2)
  5 alligators
  2 death knights
  10 alligator snapping turtles
  6 merfolk aquamancers
  16 two-headed ogres
  An alligator (shapeshifter) (Zig:23)
  12 ironbound frosthearts
  6 radroaches
  22 centaur warriors
  12 death scarabs
  26 satyrs
  6 death yaks
  A death yak (shapeshifter) (Zig:6)
  10 deep troll earth magi
  A satyr (shapeshifter) (Zig:11)
  3 titan zombies
  8 shock serpents
  4 tengu warriors
  8 deep troll shamans
  5 hell hogs
  25 hell knights
  22 vampire magi
  36 orc high priests
  11 naga sharpshooters
  10 thrashing horrors
  4 spriggan berserkers
  11 crystal echidnas
  Nergalle (Orc:1)
  Urug (D:11)
  Sonja (D:12)
  5 sun demons
  3 iron trolls (shapeshifter)
  6 wretched stars
  33 deep elf knights
  28 iron trolls
  17 pharaoh ants
  5 soul eaters
  2 salamander mystics
  6 titan skeletons
  A spark wasp zombie (Depths:1)
  A storm dragon skeleton (Zig:21)
  5 sun moths
  6 shadow wraiths
  A bunyip zombie (Crypt:2)
  3 spatial maelstroms
  4 spriggan druids
  2 fire crabs (Zig:7)
  48 skeletal warriors
  2 steelbarb worms (shapeshifter)
  A sea snake (shapeshifter) (Elf:1)
  2 sixfirhies (Zig:18)
  A goliath frog (shapeshifter) (Zig:11)
  3 glowing orange brains (shapeshifter)
  3 spriggan simulacra
  6 shadow demons
  15 sea snakes
  13 death drakes
  19 starcursed masses
  31 orb spiders
  7 glowing orange brains
  A deep troll (shapeshifter) (Zig:15)
  5 goliath frogs
  22 swamp dragons
  A death drake (shapeshifter) (Zig:15)
  3 orb spiders (shapeshifter)
  17 steelbarb worms
  3 golden dragon skeletons
  18 wizards
  A golden dragon zombie (Crypt:3)
  48 deep trolls
  11 lindwurms
  9 obsidian statues
  A swamp dragon (shapeshifter) (Zig:19)
  2 naga ritualists
  8 flayed ghosts
  14 harpies
  7 orange crystal statues
  44 deep elf pyromancers
  13 deep elf archers
  21 necromancers
  7 bog bodies
  11 phantasmal warriors
  22 orc knights
  16 ironbound convokers
  4 iron dragon zombies
  A harpy (shapeshifter) (Elf:1)
  2 wolf spiders (shapeshifter)
  2 shadow dragon skeletons
  34 orc sorcerers
  A fire giant zombie (Depths:1)
  40 wolf spiders
  Pikel (D:7)
  4 mana vipers
  48 deep elf zephyrmancers
  A manticore (shapeshifter) (Zig:15)
  A mana viper (shapeshifter) (Elf:1)
  14 cyclopes
  4 cyclopes (shapeshifter)
  21 fauns
  5 frost giant zombies
  2 moths of wrath (shapeshifter)
  3 salamanders
  5 iron dragon skeletons (Depths:3)
  15 shining eyes
  2 tengu skeletons
  21 large abominations
  73 ugly things
  2 will-o-the-wisps
  An eleionoma zombie (Crypt:2)
  14 elephants
  A spectral alligator snapping turtle (Shoals:2)
  64 moths of wrath
  22 manticores
  An elephant (shapeshifter) (Zig:15)
  14 merfolk sirens
  A worldbinder (Zig:7)
  2 naga zombies (Crypt:3)
  A toenail golem (Zig:27)
  2 centaur zombies
  Maurice (D:9)
  7 guardian serpents
  6 ice statues
  3 eyes of devastation (shapeshifter)
  12 naga magi
  16 vault sentinels
  4 frost giant skeletons
  A molten gargoyle (Depths:1)
  17 black mambas
  5 fire giant skeletons
  6 water nymphs
  17 apocalypse crabs
  3 guardian serpents (shapeshifter)
  Joseph (D:10)
  37 torpor snails
  6 orange demons
  A centaur skeleton (Crypt:3)
  3 torpor snails (shapeshifter)
  8 smoke demons
  6 gargoyles
  Maggie (D:7)
  28 cane toads
  8 eyes of devastation
  A black draconian zombie (Crypt:1)
  24 hellions
  2 storm dragon simulacra (Zig:21)
  2 yaktaurs (shapeshifter)
  9 rime drakes
  A komodo dragon (shapeshifter) (Vaults:5)
  14 komodo dragons
  2 unseen horrors (shapeshifter) (Depths:2)
  12 tormentors
  10 efreet
  44 demonic crawlers
  5 ice devils
  15 freezing wraiths
  A black draconian skeleton (Crypt:2)
  3 tengu conjurers
  4 anaconda simulacra (IceCv)
  2 golden dragon simulacra (IceCv)
  An entropy weaver simulacrum (IceCv)
  A bunyip simulacrum (Crypt:1)
  50 yaktaurs
  A death drake zombie (Crypt:1)
  7 ancient zymes
  32 guardian mummies
  3 hellwings (Zig:27)
  A queen bee (shapeshifter) (Zig:24)
  4 polar bears
  6 red devils
  51 merfolk
  12 meliai
  3 merfolk (shapeshifter)
  7 wind drakes
  A tyrant leech (Zig:25)
  22 hornets
  A meliai (shapeshifter) (Zig:15)
  24 trolls
  A harpy zombie (Crypt:2)
  A tyrant leech (shapeshifter) (Vaults:5)
  A moth of wrath zombie (Crypt:2)
  A snapping turtle (shapeshifter) (Zig:12)
  2 spectral manticores (Shoals:2)
  A shadow dragon simulacrum (Zig:27)
  A fire giant simulacrum (Depths:1)
  34 tarantellas
  10 blink frogs
  150 slime creatures
  7 dream sheep
  2 dream sheep (shapeshifter)
  A harpy skeleton (Crypt:3)
  11 snapping turtles
  A stone giant simulacrum (Zig:3)
  3 raiju
  A tarantella (shapeshifter) (Vaults:5)
  A slime creature (shapeshifter) (Zig:5)
  2 iron dragon simulacra
  An ettin skeleton (Crypt:1)
  58 flying skulls
  3 shadows
  A culicivora (shapeshifter) (Zig:15)
  48 jumping spiders
  A jumping spider (shapeshifter) (Zig:11)
  A yak (shapeshifter) (Zig:15)
  14 wraiths
  6 fire dragon skeletons
  28 culicivoras
  6 spriggans
  10 air elementals
  6 wyverns
  14 ushabtiu
  4 vampires
  4 spriggan skeletons
  32 water elementals
  7 ynoxinuls
  2 dire elephant simulacra (IceCv)
  5 fire elementals
  2 hogs (D:14)
  11 basilisks
  6 vampire mosquitoes
  A hog (shapeshifter) (Zig:22)
  18 humans (D:13)
  63 yaks
  A yaktaur simulacrum (Vaults:3)
  2 golden eyes
  2 minotaur simulacra (IceCv)
  6 steam dragons
  4 redbacks (shapeshifter)
  56 redbacks
  6 neqoxecs
  A tyrant leech zombie (Crypt:1)
  23 chaos spawn
  6 harpy simulacra (IceCv)
  15 wargs
  9 two-headed ogre zombies (WizLab)
  6 nagas (Zig:20)
  4 swamp worms (shapeshifter)
  An acid dragon (Zig:15)
  3 hydra simulacra (IceCv)
  A spectral snapping turtle (Shoals:2)
  2 acid dragons (shapeshifter) (D:15)
  5 hell hounds
  29 water moccasins
  2 floating eyes (shapeshifter)
  A human skeleton (Zig:9)
  3 floating eyes
  A sky beast (D:6)
  6 swamp drakes (Zig:15)
  3 alligator simulacra (IceCv)
  67 orc warriors
  3 ice beasts
  An ettin simulacrum (IceCv)
  2 black bears (D:4)
  45 ogres
  3 merfolk simulacra (Shoals:2)
  12 wolves
  31 centaurs
  8 small abominations
  2 lemures (D:7)
  2 phantoms
  2 kobold brigands
  18 bullfrogs
  6 necrophages
  7 earth elementals
  A deep troll simulacrum (IceCv)
  4 gnoll sergeants
  3 scorpions
  6 troll zombies (WizLab)
  17 wights
  A wyvern skeleton (Crypt:1)
  A queen bee zombie (Crypt:1)
  A snapping turtle simulacrum (Shoals:2)
  10 killer bees (D:8)
  A manticore simulacrum (Shoals:2)
  A troll skeleton (Crypt:2)
  A raiju zombie (Crypt:2)
  3 lindwurm simulacra (IceCv)
  4 electric eels
  A howler monkey (D:9)
  5 hounds
  8 jellies
  30 orc priests
  A hell rat (Zig:19)
  4 iguanas
  27 orc wizards
  5 lightning spires
  A killer bee zombie (Crypt:1)
  9 ogre zombies (WizLab)
  51 mummies
  21 gnolls
  10 adders
  2 shadow imps (D:3)
  A white imp (D:4)
  An ufetubus (D:5)
  A worm zombie (Crypt:2)
  A worm (D:4)
  2 dart slugs
  72 orcs
  9 endoplasms
  3 giant cockroaches
  A giant cockroach (shapeshifter) (Vaults:5)
  5 goblins
  9 hobgoblins
  4 jackals (D:2)
  12 kobolds
  A quokka (D:2)
  A river rat zombie (Crypt:1)
  4 ball pythons
  8 bats
  7 frilled lizards
  8 rats
  A rat skeleton (Crypt:2)
  3 ball lightnings (Zig:11)
  A butterfly (Lair:6)
  21 fire vortices
  7 starspawn tentacles
  6 tentacles (Shoals:3)
5423 creatures vanquished.

Vanquished Creatures (collateral kills)
  Tiamat (Zot:3)
  A green draconian (Zot:3)
  A purple draconian (Zot:3)
  A yellow draconian (Zot:3)
  A red draconian (Zot:3)
  A death yak (Lair:6)
  3 dream sheep (Lair:6)
9 creatures vanquished.

Vanquished Creatures (others)
  An ancient lich (Crypt:3)
  6 pandemonium lords
  A golden dragon (Zig:23)
  An azure jelly (shapeshifter) (Zig:24)
  A very ugly thing (Zig:19)
  A war gargoyle (Zig:23)
  An ironbound preserver (Vaults:1)
  An alligator snapping turtle (shapeshifter) (Zig:11)
  51 dancing weapons
  A vampire mage (Depths:3)
  A spriggan simulacrum (Zig:27)
  2 deep elf pyromancers
  A manticore (Shoals:4)
  A black mamba (Lair:6)
  4 apocalypse crabs
  A jumping spider (Spider:1)
  A jumping spider (shapeshifter) (Zig:24)
  A chaos spawn (Zig:24)
  A gnoll (D:4)
  213 fulminant prisms
  72 fungi
  188 plants
  2 starspawn tentacles (Zig:7)
  14 tentacles (Shoals:3)
567 creatures vanquished.

Grand Total: 5999 creatures vanquished

Notes
Turn   | Place    | Note
-------+----------+-------------------------------------------
     0 | D:1      | brobrobrille the Demonspawn Conjurer began the quest for
                  | the Orb.
     0 | D:1      | Reached XP level 1. HP: 13/13 MP: 3/3
   159 | D:1      | Gained mutation: You regenerate a little health from kills.
                  | [demonic ancestry]
   159 | D:1      | Reached XP level 2. HP: 19/19 MP: 0/5
   269 | D:1      | Learned a level 2 spell: Searing Ray
  1025 | D:1      | Found a faded altar of an unknown god.
  1433 | D:2      | Reached XP level 3. HP: 24/24 MP: 4/6
  1729 | D:2      | Reached skill level 5 in Conjurations
  1875 | D:2      | Gained mutation: You are partially covered in sharp spines.
                  | [demonic ancestry]
  1875 | D:2      | Reached XP level 4. HP: 30/30 MP: 1/7
  2784 | D:3      | Found a shimmering altar of Xom.
  2891 | D:3      | Found a transporter.
  2909 | D:3      | Found a transporter.
  2959 | D:3      | Reached skill level 3 in Spellcasting
  3177 | D:3      | Noticed an angel
  3464 | D:4      | Reached XP level 5. HP: 35/35 MP: 4/9
  3570 | D:4      | Noticed an ogre
  3627 | D:4      | Noticed a black bear
  3632 | D:4      | Killed a black bear
  3694 | D:4      | Gained mutation: You have sharp fingernails. [demonic
                  | ancestry]
  3694 | D:4      | Reached XP level 6. HP: 41/41 MP: 6/11
  3792 | D:4      | Found a shimmering blue altar of Sif Muna.
  3891 | D:4      | Found a broken altar of Ashenzari.
  4029 | D:4      | Found a radiant altar of Vehumet.
  4413 | D:4      | Reached skill level 4 in Spellcasting
  4628 | D:4      | Gained mutation: You are partially covered in large bone
                  | plates. (SH +4) [demonic ancestry]
  4628 | D:4      | Reached XP level 7. HP: 46/46 MP: 9/13
  5510 | D:3      | HP: 1/46 [poisoned by a gnoll sergeant]
  5988 | D:5      | Entered Level 5 of the Dungeon
  6401 | D:5      | Found a bloodstained altar of Trog.
  6945 | D:5      | Reached skill level 1 in Shields
  6945 | D:5      | Reached skill level 1 in Translocations
  6945 | D:5      | Gained mutation: You are mostly covered in sharp spines.
                  | [demonic ancestry]
  6945 | D:5      | Reached XP level 8. HP: 52/52 MP: 7/14
  7815 | D:6      | Learned a level 4 spell: Iskenderun's Mystic Blast
  7842 | D:6      | Reached skill level 10 in Conjurations
  8431 | D:6      | Reached skill level 1 in Fighting
  8672 | D:6      | Identified a scroll of acquirement
  8756 | D:6      | Gained mutation: You are mostly covered in large bone
                  | plates. (SH +6) [demonic ancestry]
  8756 | D:6      | Reached XP level 9. HP: 59/59 MP: 10/15
  8964 | D:7      | Found a staircase to the Ecumenical Temple.
  8995 | Temple   | Entered the Ecumenical Temple
  9029 | Temple   | Became a worshipper of Gozag Ym Sagoz the Greedy
  9958 | D:7      | Noticed Pikel
  9981 | D:7      | Killed Pikel
  9982 | D:7      | Reached skill level 5 in Spellcasting
 10145 | D:7      | Reached skill level 5 in Translocations
 10492 | D:7      | Reached skill level 1 in Hexes
 10507 | D:7      | Learned a level 4 spell: Fulminant Prism
 10539 | D:7      | Reached skill level 1 in Armour
 10632 | D:7      | Found a hazy altar of Hepliaklqana.
 10633 | D:7      | Found a shadowy altar of Dithmenos.
 10734 | D:8      | Noticed Maggie
 10745 | D:7      | Killed Maggie
 11567 | D:8      | Noticed Erica
 11955 | D:8      | Noticed a manticore
 11982 | D:8      | Gained mutation: You have very sharp fingernails. [demonic
                  | ancestry]
 11982 | D:8      | Reached XP level 10. HP: 59/70 MP: 12/18
 12430 | D:9      | Noticed Maurice
 12784 | D:9      | Killed Maurice
 12785 | D:9      | Reached skill level 6 in Spellcasting
 13490 | D:9      | Reached skill level 5 in Hexes
 13996 | D:9      | Noticed a two-headed ogre
 14438 | D:9      | Killed a two-headed ogre
 14954 | D:9      | Found a staircase to the Orcish Mines.
 15827 | D:10     | Entered Level 10 of the Dungeon
 15827 | D:10     | Noticed a cyclops
 16018 | D:10     | Killed a cyclops
 16019 | D:10     | Reached XP level 11. HP: 69/76 MP: 1/20
 16147 | D:10     | Noticed a two-headed ogre
 16154 | D:10     | Killed a two-headed ogre
 16238 | D:10     | Noticed Snorg
 16252 | D:10     | Killed Snorg
 16431 | D:10     | Noticed Joseph
 16442 | D:10     | Killed Joseph
 16712 | D:10     | Found a staircase to the Lair.
 16961 | D:10     | Found Deno Vud's Distillery.
 16980 | D:10     | Reached skill level 7 in Spellcasting
 16981 | D:10     | Noticed Josephine
 17085 | D:9      | Learned a level 3 spell: Mephitic Cloud
 17355 | D:10     | Killed Josephine
 18073 | Lair:1   | Entered Level 1 of the Lair of Beasts
 18092 | D:10     | Reached skill level 1 in Throwing
 18357 | Lair:1   | Noticed a six-headed hydra
 18572 | D:10     | Bought a scroll of magic mapping for 45 gold pieces
 18572 | D:10     | Bought 3 scrolls of identify for 78 gold pieces
 18588 | D:10     | Killed a six-headed hydra
 18589 | D:10     | Reached skill level 5 in Fighting
 18766 | Lair:1   | Reached skill level 5 in Armour
 19384 | Lair:1   | Noticed a six-headed hydra
 19420 | Lair:1   | Killed a six-headed hydra
 19808 | Lair:1   | Reached skill level 1 in Evocations
 19808 | Lair:1   | Gained mutation: You are completely covered in sharp
                  | spines. [demonic ancestry]
 19808 | Lair:1   | Reached XP level 12. HP: 86/86 MP: 13/22
 20275 | Lair:1   | Noticed a four-headed hydra
 20291 | Lair:1   | Killed a four-headed hydra
 20677 | D:10     | Bought a scroll of identify for 26 gold pieces
 20677 | D:10     | Bought a scroll of identify for 26 gold pieces
 20677 | D:10     | Bought a scroll of identify for 26 gold pieces
 20677 | D:10     | Bought a scroll of teleportation for 39 gold pieces
 20876 | Lair:2   | Noticed a four-headed hydra
 20970 | Lair:2   | Killed a four-headed hydra
 21754 | D:8      | Killed Erica
 22638 | Lair:2   | Acquired 587 gold pieces
 22640 | Lair:2   | Acquired a book of Alchemy
 22648 | Lair:2   | Learned a level 5 spell: Irradiate
 22878 | Lair:2   | Found a runed translucent gate.
 22878 | Lair:2   | Found a runed translucent gate.
 22879 | Lair:2   | Found a runed translucent gate.
 22881 | Lair:2   | Noticed Zgarb's ghost (journeyman TeHu)
 23040 | Lair:2   | Found a staircase to the Shoals.
 23147 | Lair:2   | Reached skill level 1 in Transmutations
 23753 | Lair:2   | Noticed a five-headed hydra
 23753 | Lair:2   | Noticed a catoblepas
 24391 | Lair:2   | Killed a five-headed hydra
 24392 | Lair:2   | Reached skill level 5 in Transmutations
 24823 | Lair:2   | Killed a catoblepas
 25093 | Lair:2   | Upgraded the game from 0.29-a0-231-g945431f764 to
                  | 0.29-a0-233-g1125b37a9b
 25160 | Lair:3   | Identified the +1 hunting sling "Geevu" {venom, +Blink MP-9
                  | Int+9}
 25196 | Lair:3   | Learned a level 3 spell: Ignite Poison
 25321 | Lair:3   | Noticed a six-headed hydra
 25386 | Lair:2   | Reached skill level 1 in Fire Magic
 25696 | Lair:3   | Gained mutation: You have claws for hands. [demonic
                  | ancestry]
 25696 | Lair:3   | Reached XP level 13. HP: 93/93 MP: 12/23
 27265 | Lair:4   | Found a hole to the Spider Nest.
 30344 | Lair:6   | Entered Level 6 of the Lair of Beasts
 30366 | Lair:6   | Noticed Rupert
 30496 | Lair:6   | Found a dark tunnel.
 30513 | Volcano  | Entered a volcano
 30994 | Lair:6   | Reached skill level 5 in Throwing
 31454 | Orc:1    | Entered Level 1 of the Orcish Mines
 31484 | D:9      | Reached skill level 5 in Evocations
 32208 | Orc:2    | Entered Level 2 of the Orcish Mines
 32353 | Orc:2    | Found a burning altar of Makhleb.
 33557 | D:11     | Reached XP level 14. HP: 70/95 MP: 10/24
 34130 | D:11     | Noticed Urug
 34139 | D:11     | Killed Urug
 34874 | D:11     | Noticed Fannar
 34880 | D:11     | Killed Fannar
 35011 | D:11     | Identified the +2 hand axe "Aubergine" {drain, rC- rN+
                  | Will++ Dex+3}
 35014 | D:11     | Bought a scroll of identify for 64 gold pieces
 36772 | D:11     | Found Ropnuom's Assorted Antiques.
 37137 | D:12     | Reached skill level 10 in Transmutations
 37299 | D:12     | Noticed Sonja
 38398 | D:12     | Noticed Frances
 38437 | D:11     | Learned a level 5 spell: Yara's Violent Unravelling
 39180 | D:12     | Killed Frances
 39805 | D:12     | Killed Sonja
 40462 | D:13     | Found a hazy altar of Hepliaklqana.
 41663 | D:13     | Identified the +3 leather armour of Sezeeth {Rampage Drain
                  | Int+3 SInv}
 41863 | D:13     | Found a gate to the Vaults.
 42167 | D:14     | Found Gempuuloroc's Magic Scroll Shoppe.
 42170 | D:14     | Bought a scroll of fear for 38 gold pieces
 42170 | D:14     | Bought a scroll of fear for 38 gold pieces
 42367 | D:14     | Found a frozen archway.
 42495 | IceCv    | Entered an ice cave
 42582 | IceCv    | Noticed a white very ugly thing
 42589 | IceCv    | Killed a brown very ugly thing
 42797 | IceCv    | Reached skill level 8 in Spellcasting
 43007 | IceCv    | Found an ancient bone altar of Kikubaaqudgha.
 43026 | IceCv    | Reached XP level 15. HP: 108/108 MP: 12/27
 44432 | IceCv    | Noticed a lich
 44445 | IceCv    | Killed a lich
 44915 | IceCv    | Got the Handbook of the Sinister Snowflakes
 45509 | D:14     | Found Atiwn's Book Emporium.
 45575 | D:14     | Found Meuthrua's Antique Weapon Shoppe.
 45667 | D:14     | Noticed Kirke
 45680 | D:14     | Killed Kirke
 45681 | D:14     | Reached skill level 9 in Spellcasting
 45773 | D:14     | Found Irymics's Jewellery Emporium.
 46030 | D:15     | Entered Level 15 of the Dungeon
 46126 | D:14     | Reached skill level 10 in Armour
 46891 | D:14     | Bought a book of Dangerous Friends for 560 gold pieces
 46899 | D:14     | Learned a level 7 spell: Orb of Destruction
 48777 | D:15     | Found a staircase to the Depths.
 49147 | D:15     | Found a sacrificial altar of Ru.
 49727 | D:15     | Reached skill level 5 in Stealth
 50648 | D:15     | Found a sacrificial altar of Ru.
 50815 | D:15     | Found a staircase to the Depths.
 51689 | Orc:2    | Reached skill level 10 in Spellcasting
 52057 | Orc:1    | Noticed Nergalle
 52060 | Orc:1    | Killed Nergalle
 52260 | Orc:1    | Found Saxtaiwn's Distillery.
 52277 | Orc:1    | Bought a potion of brilliance for 60 gold pieces
 52277 | Orc:1    | Bought a potion of cancellation for 120 gold pieces
 53359 | Orc:2    | Noticed an orc warlord
 53384 | Orc:2    | Killed an orc warlord
 53385 | Orc:2    | Reached skill level 15 in Conjurations
 53526 | Orc:2    | Reached XP level 16. HP: 96/115 MP: 24/30
 54341 | Orc:2    | Found Joreit's Antique Armour Shoppe.
 54361 | Orc:2    | Found a staircase to the Elven Halls.
 54385 | Orc:2    | Found Uriut's Antique Weapon Shoppe.
 54400 | Orc:2    | Found Wiefoatu's General Store.
 54414 | Orc:2    | Found Kocanac's Jewellery Shoppe.
 54809 | Lair:6   | Killed Rupert
 55155 | Lair:6   | Reached skill level 11 in Spellcasting
 56481 | Lair:6   | Found a staircase to the Slime Pits.
 57478 | Lair:6   | Found a burning altar of Makhleb.
 58029 | Lair:6   | Found a gateway to Hell.
 58040 | Lair:6   | Upgraded the game from 0.29-a0-233-g1125b37a9b to
                  | 0.29-a0-234-g0dae59b3db
 58135 | Spider:1 | Entered Level 1 of the Spider Nest
 58148 | Lair:4   | HP: 4/115 [radroach (14)]
 59175 | Lair:4   | Reached skill level 5 in Shields
 60407 | Spider:1 | Noticed Asterion
 60427 | Spider:1 | Killed Asterion
 60752 | Spider:1 | Noticed Jorgrun
 60762 | Spider:1 | Killed Jorgrun
 61018 | Spider:1 | Reached skill level 1 in Maces & Flails
 61543 | Spider:1 | Reached skill level 12 in Spellcasting
 62883 | Spider:1 | Learned a level 4 spell: Passage of Golubria
 63092 | Spider:1 | Reached XP level 17. HP: 94/120 MP: 28/33
 65697 | Spider:3 | Identified the +4 rapier "Grim Tooth" {flame, +Blink Str+4
                  | Int+3}
 67923 | Spider:4 | Entered Level 4 of the Spider Nest
 69067 | Spider:4 | Noticed Arachne
 69067 | Spider:4 | Noticed Mlioglotl
 69291 | Spider:4 | Killed Mlioglotl
 69299 | Spider:4 | Killed Arachne
 70071 | Spider:4 | Reached skill level 5 in Dodging
 71047 | Spider:4 | Gained mutation: You regenerate health from kills. [demonic
                  | ancestry]
 71047 | Spider:4 | Reached XP level 18. HP: 120/129 MP: 22/34
 71952 | Spider:4 | Identified the +0 pair of boots of Zilohuppo {rElec rN+
                  | Dex+2}
 71954 | Spider:4 | Got a gossamer rune of Zot
 71955 | Spider:4 | Identified the +0 hat "Zivaskoo" {rC+ Str+7}
 72375 | D:14     | Bought a ring of flight for 315 gold pieces
 72375 | D:14     | Bought the amulet "Fuatroat" {Reflect Str-2 Int+3 Dex+3
                  | Slay+3 SH+5} for 1044 gold pieces
 72613 | Shoals:1 | Entered Level 1 of the Shoals
 73380 | Shoals:1 | Found Azoqaof's Distillery.
 73386 | Shoals:1 | Found a runed translucent door.
 73424 | Shoals:1 | Noticed Yorgos's ghost (journeyman MiBe)
 73427 | Shoals:1 | Bought a potion of curing for 45 gold pieces
 73427 | Shoals:1 | Bought a potion of cancellation for 120 gold pieces
 73427 | Shoals:1 | Bought a potion of curing for 45 gold pieces
 73427 | Shoals:1 | Bought a potion of curing for 45 gold pieces
 75628 | Shoals:2 | Reached skill level 13 in Spellcasting
 76228 | Shoals:2 | Noticed Weimiffu's ghost (adept DDEE)
 76228 | Shoals:2 | Found a runed translucent gate.
 76228 | Shoals:2 | Found a runed translucent gate.
 76228 | Shoals:2 | Found a runed translucent gate.
 76373 | Shoals:1 | Learned a level 7 spell: Ozocubu's Refrigeration
 76835 | Shoals:2 | Reached skill level 1 in Ice Magic
 79289 | Shoals:3 | Reached skill level 10 in Evocations
 79624 | Shoals:4 | Entered Level 4 of the Shoals
 80185 | Shoals:4 | Reached skill level 5 in Ice Magic
 80663 | Shoals:4 | Gained mutation: You are robust. (+10% HP) [demonic
                  | ancestry]
 80663 | Shoals:4 | Reached XP level 19. HP: 131/151 MP: 30/36
 81467 | Shoals:4 | Got a barnacled rune of Zot
 81976 | Shoals:4 | Identified the +9 plate armour of the Villain {rPois rF+
                  | Will++ Int-4}
 82631 | Vaults:1 | Entered Level 1 of the Vaults
 82921 | Vaults:1 | Found Utaguah's Assorted Antiques.
 82931 | Vaults:1 | Found a magical portal.
 82945 | WizLab   | Entered Zonguldrok's Shrine
 83728 | WizLab   | Reached skill level 10 in Fighting
 83971 | WizLab   | Noticed an antique lich
 83977 | WizLab   | Killed an antique lich
 84019 | WizLab   | Found the +9 sword of Zonguldrok {reap}
 84118 | D:13     | Acquired the +8 orange crystal plate armour {Archmagi,
                  | Int+3 Clar}
 84118 | D:13     | Found the +8 orange crystal plate armour {Archmagi, Int+3
                  | Clar}
 84249 | Vaults:1 | Found Goth's General Store.
 84464 | Vaults:1 | Found Qipsoniph's Magic Scroll Boutique.
 84830 | Vaults:1 | Bought a scroll of blinking for 150 gold pieces
 84830 | Vaults:1 | Bought a scroll of teleportation for 60 gold pieces
 84830 | Vaults:1 | Bought a scroll of fear for 70 gold pieces
 84830 | Vaults:1 | Bought a scroll of fog for 40 gold pieces
 84830 | Vaults:1 | Bought a scroll of teleportation for 60 gold pieces
 86167 | Vaults:1 | Bought 2 potions of heal wounds for 220 gold pieces
 86634 | Elf:1    | Entered Level 1 of the Elven Halls
 86911 | Elf:1    | Reached skill level 10 in Ice Magic
 87023 | Elf:1    | Paralysed by an air elemental for 1 turns
 87026 | Elf:1    | Paralysed by an air elemental for 1 turns
 87206 | Elf:1    | Got the Grimoire of Changing
 87572 | Elf:1    | Reached XP level 20. HP: 161/161 MP: 26/37
 87705 | Elf:1    | Reached skill level 14 in Spellcasting
 88846 | Elf:2    | Identified the +5 glaive of Sateukk {vorpal, rC+ rCorr
                  | Dex+2}
 88882 | Elf:2    | Found a runed translucent gate.
 88883 | Elf:2    | Found a runed translucent gate.
 88883 | Elf:2    | Found a runed translucent gate.
 88923 | Elf:2    | Paralysed by an air elemental for 1 turns
 89194 | Elf:2    | Identified the ring "Tesmuemu" {Fly rC+}
 89202 | Elf:2    | Identified the ring of Xorch {rF+ rC+ rCorr MP+9 Str+2}
 89496 | Elf:2    | Paralysed by an air elemental for 1 turns
 89770 | Elf:2    | Got the Collected Works on Illusion
 90871 | Elf:3    | Entered Level 3 of the Elven Halls
 91914 | Elf:3    | Noticed Louise
 92139 | Elf:3    | Killed Louise
 93078 | Elf:3    | Identified the +3 leather armour of Keellik {Stlth+}
 93098 | Elf:3    | Identified the +3 hunting sling of the Establishment
                  | {flame, +Blink}
 93106 | Elf:3    | Paralysed by an air elemental for 1 turns
 93242 | Elf:3    | Identified the +9 glaive of Kuakanaeshe {freeze, SInv
                  | Stlth+}
 93632 | Elf:3    | Identified the +6 war axe "Totosa" {venom, rPois rF++}
 94044 | Elf:3    | Gained mutation: You are very robust. (+20% HP) [demonic
                  | ancestry]
 94044 | Elf:3    | Reached XP level 21. HP: 161/183 MP: 37/39
 94332 | Elf:3    | Got Qoser's Papyrus of Contamination
 94390 | Elf:3    | Got the Grimoire of Dark Magic and Contamination
 94391 | Elf:3    | Found the +0 pair of fencer's gloves {Riposte Dex+3}
 94405 | Elf:3    | Learned a level 1 spell: Apportation
 95606 | Vaults:2 | Found a staircase to the Crypt.
 95606 | Vaults:2 | Found an ancient bone altar of Kikubaaqudgha.
 95606 | Vaults:2 | Found a basalt altar of Yredelemnul.
 96703 | Vaults:2 | Found a portal to a secret trove of treasure.
 97397 | Vaults:2 | Found a staircase to the Crypt.
 97397 | Vaults:2 | Found an ancient bone altar of Kikubaaqudgha.
 97398 | Vaults:2 | Found a basalt altar of Yredelemnul.
 97839 | Vaults:2 | Found a portal to a secret trove of treasure.
 98422 | Vaults:3 | Reached skill level 1 in Necromancy
101343 | Vaults:4 | Found a transporter.
101343 | Vaults:4 | Found a transporter.
101348 | Vaults:4 | Noticed manifold's ghost (adept TrWr)
101350 | Vaults:4 | Noticed Hanyag's ghost (adept PaMo)
101357 | Vaults:4 | Noticed Taoger's ghost (adept DsTm)
101364 | Vaults:4 | Noticed a dread lich
104052 | Vaults:4 | Reached skill level 15 in Ice Magic
104496 | Depths:1 | Entered Level 1 of the Depths
104499 | Depths:1 | Found a shadowy altar of Dithmenos.
104500 | Depths:1 | Identified the +5 rapier of the Pillar {drain, rElec}
104713 | Depths:1 | Reached XP level 22. HP: 164/174 MP: 31/40
105162 | Depths:1 | Reached skill level 5 in Necromancy
105722 | Depths:1 | Reached skill level 5 in Fire Magic
105967 | Depths:1 | Got the Tome of Stolen Souls
106442 | Depths:1 | Found a one-way gate to the infinite horrors of the Abyss.
107981 | Depths:1 | Reached skill level 15 in Spellcasting
108876 | Depths:1 | Noticed a juggernaut
108889 | Depths:1 | Killed a juggernaut
109576 | Depths:1 | Learned a level 8 spell: Ignition
110602 | Depths:2 | Found a one-way gateway to a ziggurat.
111019 | Depths:2 | Found a one-way gate leading to the halls of Pandemonium.
111480 | Depths:2 | Noticed a golden dragon
111585 | Depths:2 | Killed a golden dragon
112155 | Depths:2 | Reached skill level 10 in Necromancy
112615 | Depths:2 | Identified the amulet "Duxt" {Acrobat rF+++ rC- Str-3
                  | Dex+7}
113046 | Depths:2 | Gained mutation: You are completely covered in large bone
                  | plates. (SH +8) [demonic ancestry]
113046 | Depths:2 | Reached XP level 23. HP: 175/198 MP: 40/42
116440 | Depths:3 | Reached skill level 10 in Fire Magic
117223 | Depths:3 | Found a runed translucent door.
117223 | Depths:3 | Found a shimmering altar of Xom.
117224 | Depths:3 | Noticed Hasart's ghost (veteran DgHu)
117617 | Depths:3 | Identified the +7 great sword "Onioj" {venom, rN+}
117619 | Depths:3 | Got the Reference Book on Attacks
118029 | Depths:2 | Acquired the +3 pair of seven-league boots {Rampage+∞}
118029 | Depths:2 | Found the +3 pair of seven-league boots {Rampage+∞}
118530 | Depths:4 | Entered Level 4 of the Depths
119297 | Depths:4 | Noticed Frederick
119315 | Depths:4 | Killed Frederick
119869 | Depths:3 | Acquired a staff of conjuration
119871 | Depths:3 | Acquired the +2 helmet of Spite {+Inv rN+ Will+ Stlth-}
119885 | Depths:3 | Acquired 543 gold pieces
121531 | Depths:4 | Found a gate to the Realm of Zot.
122441 | Slime:1  | Entered Level 1 of the Pits of Slime
123202 | Slime:1  | Bought a scroll of enchant armour for 105 gold pieces
123202 | Slime:1  | Bought a scroll of teleportation for 42 gold pieces
123202 | Slime:1  | Bought a scroll of teleportation for 42 gold pieces
124677 | Slime:3  | Reached XP level 24. HP: 210/210 MP: 42/42
125526 | Slime:4  | Gained mutation: You sometimes lose the ability to read
                  | scrolls when taking damage. [a shining eye]
125528 | Slime:4  | Gained mutation: Your spells are a little easier to cast,
                  | but a little less powerful. [a shining eye]
126133 | Orc:1    | Bought 2 potions of mutation for 240 gold pieces
126133 | Orc:1    | Bought a potion of mutation for 120 gold pieces
126133 | Orc:1    | Lost mutation: You sometimes lose the ability to read
                  | scrolls when taking damage. [potion of mutation]
126133 | Orc:1    | Lost mutation: Your spells are a little easier to cast, but
                  | a little less powerful. [potion of mutation]
126133 | Orc:1    | Gained mutation: You occasionally shout uncontrollably at
                  | your foes. [potion of mutation]
127038 | Slime:1  | Bought a scroll of torment for 105 gold pieces
128661 | Slime:5  | Entered Level 5 of the Pits of Slime
128661 | Slime:5  | Noticed Dissolution
128665 | Slime:5  | Killed Dissolution
128801 | Slime:5  | Gained mutation: You are clumsy. (Dex -2) [a shining eye]
130236 | Slime:5  | Noticed the Royal Jelly
131493 | Slime:5  | Killed the Royal Jelly
131494 | Slime:5  | Reached skill level 16 in Spellcasting
132122 | Slime:5  | Paralysed by a floating eye for 3 turns
132186 | Slime:5  | Paralysed by a great orb of eyes for 3 turns
132278 | Slime:5  | Found the macabre finger necklace {rN+}
132284 | Slime:5  | Got the Collected Works on Dark Magic
132342 | Slime:5  | Got a slimy rune of Zot
132343 | Slime:5  | Identified the +6 hunting sling "Jekad Nobb" {flame, rElec
                  | rPois}
132346 | Slime:5  | Identified the ring "Suwanlow" {rF++ Str+6}
133143 | Crypt:1  | Entered Level 1 of the Crypt
133153 | Crypt:1  | Noticed Jory
134307 | Crypt:1  | Killed Jory
135591 | Crypt:1  | Noticed Mennas
135699 | Vaults:4 | Upgraded the game from 0.29-a0-234-g0dae59b3db to
                  | 0.29-a0-243-g602b31c20e
135923 | Zot:1    | Entered Level 1 of the Realm of Zot
136428 | Zot:1    | Noticed Zenata
136438 | Zot:1    | Reached skill level 15 in Armour
136438 | Zot:1    | Killed Zenata
136963 | Zot:1    | Reached skill level 10 in Dodging
137886 | Zot:1    | Reached XP level 25. HP: 217/217 MP: 43/43
138670 | Vaults:2 | You paid a toll of 8 scrolls of fear to enter a treasure
                  | trove
138671 | Trove    | Entered a treasure trove
138678 | Trove    | Identified the amulet of Aximuwk {Reflect rC+ SH+5}
138685 | Trove    | Identified the amulet "Etaegh" {Reflect Dex+3 SH+5}
138698 | Trove    | Identified the -8 kite shield "Qubloij" {Will+}
143654 | Zot:3    | Found the +4 dragonskin cloak
143654 | Zot:3    | Noticed Tiamat
144695 | Zot:3    | Killed Tiamat
145527 | Zot:3    | Noticed an orb of fire
145528 | Zot:3    | Gained mutation: You are dopey. (Int -2) [an orb of fire]
145539 | Zot:3    | Gained mutation: You are very clumsy. (Dex -4) [an orb of
                  | fire]
145541 | Zot:3    | Gained mutation: You frequently scream uncontrollably at
                  | your foes. [an orb of fire]
145547 | Zot:2    | Lost mutation: You are dopey. (Int -2) [potion of mutation]
145547 | Zot:2    | Lost mutation: You frequently scream uncontrollably at your
                  | foes. [potion of mutation]
145547 | Zot:2    | Gained mutation: You are dopey. (Int -2) [potion of
                  | mutation]
145547 | Zot:2    | Gained mutation: Armour fits poorly on your strangely
                  | shaped body. [potion of mutation]
145547 | Zot:2    | Gained mutation: Potions are less effective at restoring
                  | your health. [potion of mutation]
145549 | Zot:2    | Lost mutation: You are dopey. (Int -2) [potion of mutation]
145549 | Zot:2    | Lost mutation: You are very clumsy. (Dex -4) [potion of
                  | mutation]
145549 | Zot:2    | Lost mutation: You are clumsy. (Dex -2) [potion of
                  | mutation]
145549 | Zot:2    | Gained mutation: Your mind is acute. (Int +2) [potion of
                  | mutation]
145549 | Zot:2    | Gained mutation: Your mind is very acute. (Int +4) [potion
                  | of mutation]
145621 | Zot:3    | Killed an orb of fire
146446 | Zot:4    | Reached skill level 15 in Necromancy
147071 | Zot:4    | Found a runed translucent gate.
147071 | Zot:4    | Found a runed translucent gate.
147071 | Zot:4    | Found a runed translucent gate.
147071 | Zot:4    | Noticed Monuoraozee's ghost (legendary GnTm)
147216 | Zot:4    | Identified the +9 broad axe "Myittet" {freeze, *Rage rC++
                  | rN++}
148797 | Zot:4    | Learned a level 8 spell: Necromutation
149806 | Zot:4    | Gained mutation: You are extremely robust. (+30% HP)
                  | [demonic ancestry]
149806 | Zot:4    | Reached XP level 26. HP: 220/248 MP: 16/43
149968 | Zot:4    | Reached skill level 10 in Shields
150193 | Zot:4    | Reached skill level 17 in Spellcasting
151560 | Lair:2   | Killed Zgarb's ghost
151680 | Shoals:1 | Killed Yorgos's ghost
151814 | Shoals:2 | Killed Weimiffu's ghost
153287 | Vaults:4 | Killed Taoger's ghost
153443 | Vaults:4 | Killed a dread lich
153902 | Vaults:4 | Killed manifold's ghost
155525 | Shoals:1 | Bought a potion of haste for 150 gold pieces
155525 | Shoals:1 | Bought a potion of resistance for 150 gold pieces
155525 | Shoals:1 | Bought a potion of haste for 150 gold pieces
155768 | D:14     | Bought a book of Ice for 644 gold pieces
155768 | D:14     | Acquired 1025 gold pieces
155858 | D:14     | Learned a level 9 spell: Polar Vortex
156078 | Orc:1    | Bought a manual of Evocations for 1040 gold pieces
156078 | Orc:1    | Bought a manual of Fighting for 1040 gold pieces
156560 | Vaults:5 | Entered Level 5 of the Vaults
156940 | Vaults:5 | Noticed an ancient lich
156945 | Vaults:4 | Reached skill level 15 in Fire Magic
158620 | Vaults:5 | Killed an ancient lich
161255 | Vaults:4 | Acquired 926 gold pieces
161257 | Vaults:4 | Acquired 1104 gold pieces
162004 | Vaults:5 | Noticed Sojobo
162005 | Vaults:5 | Paralysed by an air elemental for 1 turns
162014 | Vaults:5 | Killed Sojobo
162335 | Vaults:5 | Found Hal Yvoet's Magic Scroll Shop.
162342 | Vaults:5 | Bought a scroll of teleportation for 42 gold pieces
162342 | Vaults:5 | Bought a scroll of fog for 28 gold pieces
162342 | Vaults:5 | Bought a scroll of silence for 105 gold pieces
162345 | Vaults:5 | Noticed a dread lich
162352 | Vaults:5 | Identified the amulet of the Bull {Faith Will+ rCorr Dex+3
                  | Slay+5}
163351 | Vaults:5 | Gained mutation: You regenerate a lot of health from kills.
                  | [demonic ancestry]
163351 | Vaults:5 | Reached XP level 27. HP: 206/256 MP: 21/44
163456 | Vaults:5 | Got the Incunabulum of Earth
163459 | Vaults:5 | Identified the +5 scale mail "Biqeomec" {Rampage Str+3
                  | Dex-4}
163511 | Vaults:5 | Killed a dread lich
164294 | Vaults:5 | Found Neph's Distillery.
164299 | Vaults:5 | Bought a potion of brilliance for 64 gold pieces
164299 | Vaults:5 | Bought a potion of heal wounds for 80 gold pieces
164299 | Vaults:5 | Bought a potion of heal wounds for 80 gold pieces
164299 | Vaults:5 | Bought a potion of brilliance for 64 gold pieces
164330 | Vaults:5 | Got the Tome of Hexes
164600 | Vaults:5 | Got a silver rune of Zot
164611 | Vaults:5 | Learned a level 2 spell: Sublimation of Blood
164611 | Vaults:5 | Lost mutation: You occasionally shout uncontrollably at
                  | your foes. [potion of mutation]
164611 | Vaults:5 | Lost mutation: Armour fits poorly on your strangely shaped
                  | body. [potion of mutation]
164611 | Vaults:5 | Lost mutation: Potions are less effective at restoring your
                  | health. [potion of mutation]
164611 | Vaults:5 | Gained mutation: You passively map a small area around you.
                  | [potion of mutation]
164611 | Vaults:5 | Gained mutation: You occasionally shout uncontrollably at
                  | your foes. [potion of mutation]
164611 | Vaults:5 | Gained mutation: You are weak. (Str -2) [potion of
                  | mutation]
164854 | Crypt:1  | Noticed Saint Roka
164861 | Crypt:1  | Killed Saint Roka
165208 | Crypt:1  | Killed Mennas
165917 | Crypt:2  | Found a huge runed gate.
165918 | Crypt:2  | Found a huge runed gate.
165918 | Crypt:2  | Found a huge runed gate.
165918 | Crypt:2  | Found a huge runed gate.
165918 | Crypt:2  | Found a huge runed gate.
165919 | Crypt:2  | Found a huge runed gate.
165919 | Crypt:2  | Found a huge runed gate.
165920 | Crypt:2  | Found a huge runed gate.
165921 | Crypt:2  | Found a huge runed gate.
165921 | Crypt:2  | Found a huge runed gate.
165931 | Crypt:2  | Found a huge runed gate.
165931 | Crypt:2  | Found a huge runed gate.
165931 | Crypt:2  | Found a huge runed gate.
165931 | Crypt:2  | Found a huge runed gate.
165931 | Crypt:2  | Found a huge runed gate.
165931 | Crypt:2  | Found a huge runed gate.
165932 | Crypt:2  | Found a huge runed gate.
165933 | Crypt:2  | Found a huge runed gate.
165934 | Crypt:2  | Found a huge runed gate.
165943 | Crypt:2  | Found a huge runed gate.
165943 | Crypt:2  | Found a huge runed gate.
165943 | Crypt:2  | Found a huge runed gate.
165943 | Crypt:2  | Found a huge runed gate.
166013 | Crypt:2  | Found a huge runed gate.
166039 | Crypt:2  | Found a huge runed gate.
166039 | Crypt:2  | Found a huge runed gate.
166039 | Crypt:2  | Found a huge runed gate.
166040 | Crypt:2  | Found a huge runed gate.
166041 | Crypt:2  | Found a huge runed gate.
166193 | Crypt:2  | Found a huge runed gate.
166194 | Crypt:2  | Found a huge runed gate.
166194 | Crypt:2  | Found a huge runed gate.
166309 | Crypt:2  | Found a huge runed gate.
166309 | Crypt:2  | Found a huge runed gate.
166309 | Crypt:2  | Found a huge runed gate.
166309 | Crypt:2  | Found a huge runed gate.
169720 | Crypt:2  | Noticed Acous's ghost (adept GrFi)
169720 | Crypt:2  | Noticed Dassydak's ghost (adept GrFi)
169720 | Crypt:2  | Noticed Wewoy's ghost (adept GrFi)
169720 | Crypt:2  | Noticed Acous's ghost (adept GrFi)
169720 | Crypt:2  | Noticed Qetoluuv's ghost (adept GrFi)
169720 | Crypt:2  | Noticed Cuar's ghost (adept GrFi)
169720 | Crypt:2  | Noticed Wewoy's ghost (adept GrFi)
169721 | Crypt:2  | Noticed Cunubiurch's ghost (veteran VSSu)
169723 | Crypt:2  | Noticed Yzeiphu's ghost (adept OpEE)
169756 | Crypt:1  | Killed Acous's ghost
169860 | Crypt:1  | Killed Cunubiurch's ghost
169873 | Crypt:1  | Killed Acous's ghost
169975 | Crypt:2  | Killed Yzeiphu's ghost
169975 | Crypt:2  | Noticed Nofozin's ghost (veteran FoFi)
170013 | Crypt:1  | Killed Dassydak's ghost
170180 | Crypt:1  | Killed Cuar's ghost
170270 | Crypt:1  | Killed Qetoluuv's ghost
170463 | Crypt:1  | Killed Wewoy's ghost
170750 | Crypt:2  | Killed Wewoy's ghost
170823 | Crypt:2  | Killed Nofozin's ghost
171320 | Crypt:3  | Entered Level 3 of the Crypt
171789 | Crypt:2  | Found an ancient bone altar of Kikubaaqudgha.
173481 | Crypt:3  | Identified the ring of Qiym {Contam rN+ Str+7 Dex+3}
173782 | Crypt:3  | Found a basalt altar of Yredelemnul.
173801 | Crypt:3  | Identified the amulet of the Dowdy God {rC+ Regen+ Str+4
                  | Dex+3}
173801 | Crypt:3  | Identified the ring "Zaload" {+Blink rPois rN+ Stlth+}
173816 | Crypt:3  | Noticed an ancient lich
173822 | Crypt:3  | Killed an ancient lich
174058 | Crypt:3  | Found a staircase to the Tomb.
176054 | Zot:5    | Entered Level 5 of the Realm of Zot
176054 | Zot:5    | Noticed anonymous's ghost (master DEEE)
176054 | Zot:5    | Found a large runed translucent door.
176054 | Zot:5    | Found a large runed translucent door.
176070 | Zot:5    | Found Rewajygh's Changing Room.
177775 | Zot:5    | Killed anonymous's ghost
177780 | Zot:5    | Identified the +4 hand axe "Naus" {holy, rPois rCorr SInv}
178046 | Zig:1    | Entered Level 1 of a ziggurat
178139 | Zig:2    | Entered Level 2 of a ziggurat
178247 | Zig:3    | Entered Level 3 of a ziggurat
178408 | Zig:4    | Entered Level 4 of a ziggurat
178602 | Zig:5    | Entered Level 5 of a ziggurat
178703 | Zig:5    | Identified the +8 battleaxe "Obleir" {protect, rPois rC+
                  | Int-4}
178734 | Zig:6    | Entered Level 6 of a ziggurat
178884 | Zig:6    | Identified the amulet of Take {Faith *Slow rN+++ Int-4
                  | Stlth+}
178896 | Zig:7    | Entered Level 7 of a ziggurat
178902 | Zig:7    | Found the +4 skin of Zhor {*Englaciate rC+++ SInv}
179006 | Zig:7    | Identified the +10 crystal plate armour of Jipoov {Harm
                  | Will+ Int+4}
179196 | Zig:8    | Entered Level 8 of a ziggurat
179202 | Zig:8    | Paralysed by an air elemental for 1 turns
179331 | Zig:9    | Entered Level 9 of a ziggurat
179339 | Zig:9    | Noticed Upruol the pandemonium lord
179345 | Zig:9    | Killed Upruol the pandemonium lord
179481 | Zig:9    | Identified the +1 scale mail "Damnable Contraption" {Str+3
                  | Int+6}
179525 | Zig:10   | Entered Level 10 of a ziggurat
179534 | Zig:10   | Noticed a dread lich
179543 | Zig:10   | Killed a dread lich
179668 | Zig:10   | Identified the ring "Ywic" {Fly rElec rN+ Stlth+}
179696 | Zig:10   | Identified the +10 broad axe "Feahuudyc" {holy, *Rage rN+
                  | rCorr Dex+9}
179701 | Zig:10   | Identified the +4 trident of the Brewing Puffin {flame,
                  | Str+4}
179702 | Zig:10   | Upgraded the game from 0.29-a0-243-g602b31c20e to
                  | 0.29-a0-266-gf56f883ddd
179704 | Zig:11   | Entered Level 11 of a ziggurat
179713 | Zig:11   | Noticed a juggernaut
179719 | Zig:11   | Killed a juggernaut
179911 | Zig:11   | Found the +8 autumn katana {vorpal, manifold assault}
179919 | Zig:11   | Found the +7 great mace "Undeadhunter" {disrupt, rN+}
179949 | Zig:11   | Got the Compendium of Hexes
179973 | Zig:11   | Identified the +2 long sword "Killer Bee's Doom" {flame,
                  | Str+3 Stlth+}
179985 | Zig:11   | Upgraded the game from 0.29-a0-266-gf56f883ddd to
                  | 0.29-a0-270-g1586fc07ea
179988 | Zig:12   | Entered Level 12 of a ziggurat
180215 | Zig:13   | Entered Level 13 of a ziggurat
180228 | Zig:13   | Noticed a royal mummy
180230 | Zig:13   | Noticed a royal mummy
180233 | Zig:13   | Killed a royal mummy
180235 | Zig:13   | Killed a royal mummy
180241 | Zig:13   | Found the +3 giant club "Skullcrusher" {speed, Str+7}
180412 | Zig:13   | Identified the +1 ring mail of Cocytus {Will+ Str+2}
180525 | Zig:14   | Entered Level 14 of a ziggurat
180540 | Zig:14   | Reached skill level 18 in Spellcasting
180801 | Zig:14   | Identified the +5 plate armour of Foh Daus {Int+7}
180819 | Zig:14   | Identified the ring of the Fiend {rElec MP+9 Int+2 Stlth+}
180877 | Zig:14   | Identified the +6 quarterstaff "Fazxah" {drain, rN+ Will+
                  | Stlth+}
180878 | Zig:14   | Identified the +3 battleaxe of Koxt {flame, Int+4}
180882 | Zig:14   | Identified the +5 demon trident of the Charming Gods {pain,
                  | rElec rPois rC+ Int-2}
180887 | Zig:15   | Entered Level 15 of a ziggurat
180893 | Zig:15   | Noticed Esiucs the pandemonium lord
180895 | Zig:15   | Noticed Isunnuta the pandemonium lord
180898 | Zig:15   | Killed Isunnuta the pandemonium lord
180898 | Zig:15   | Noticed Vyuddun the pandemonium lord
180902 | Zig:15   | Killed Vyuddun the pandemonium lord
180903 | Zig:15   | Reached skill level 19 in Spellcasting
180905 | Zig:15   | Killed Esiucs the pandemonium lord
181178 | Zig:15   | Identified the quicksilver dragon scales of Sloth {Will+
                  | Regen+ Int+3}
181188 | Zig:16   | Entered Level 16 of a ziggurat
181198 | Zig:16   | Noticed a juggernaut
181201 | Zig:16   | Killed a juggernaut
181202 | Zig:16   | Reached skill level 5 in Earth Magic
181710 | Zig:16   | Identified the +10 gold dragon scales of Defiance {rPois
                  | rF+ rC+ rN++}
181714 | Zig:16   | Got Detawin's Grimoire of Dislocated Ignition
181720 | Zig:16   | Identified the ring of Gluttony {rPois rF- Int+4 Slay+4}
181783 | Zig:16   | Identified the +7 arbalest of Wariness {elec, rElec rF++}
181801 | Zig:17   | Entered Level 17 of a ziggurat
182079 | Zig:17   | Identified the +3 ring mail "Jotwonag" {+Inv rCorr Int+3}
182098 | Zig:18   | Entered Level 18 of a ziggurat
182116 | Zig:18   | Reached skill level 1 in Air Magic
182445 | Zig:18   | Identified the +0 plate armour of the End {rF+ Str+4 Dex+4}
182520 | Zig:18   | Identified the +2 robe of Xihipig {*Slow rN++ Int-4 Stlth+}
182522 | Zig:18   | Identified the +5 flail "Isuguhena" {vorpal, rN+ Str+4
                  | Int+2 Dex+2}
182549 | Zig:19   | Entered Level 19 of a ziggurat
182562 | Zig:19   | Reached skill level 20 in Spellcasting
182568 | Zig:19   | Reached skill level 10 in Air Magic
182775 | Zig:19   | Got Sif Muna's Grimoire of Lightness and Poison
182780 | Zig:19   | Identified the +9 mace "Heahutz" {pain, Fly rPois rF+++}
182785 | Zig:19   | Identified the +9 scimitar "Giant's Toothpick" {flame,
                  | +Blink rCorr}
182891 | Zig:19   | Identified the +0 helmet of the Land of Plenty {+Blink
                  | Will+}
182915 | Zig:19   | Acquired 602 gold pieces
182935 | Zig:20   | Entered Level 20 of a ziggurat
183086 | Zig:20   | Identified the -5 buckler "Sopamyry" {Rampage}
183402 | Zig:20   | Identified the ring "Byenoynga" {Will+ Dex+3}
183527 | Zig:21   | Entered Level 21 of a ziggurat
183551 | Zig:21   | Noticed an ancient lich
183554 | Zig:21   | Killed an ancient lich
183559 | Zig:21   | Reached skill level 15 in Air Magic
183793 | Zig:21   | Identified the +1 chain mail of the Tormentor {-Cast rN+
                  | Dex+8 Stlth-}
183801 | Zig:22   | Entered Level 22 of a ziggurat
183825 | Zig:22   | Reached skill level 21 in Spellcasting
183828 | Zig:22   | Paralysed by you for 2 turns
184071 | Zig:22   | Identified the ring "Pivva" {Fly Will+ rCorr Str-5 Int+3}
184203 | Zig:22   | Acquired 268 gold pieces
184215 | Zig:22   | Learned a level 9 spell: Chain Lightning
184224 | Zig:23   | Entered Level 23 of a ziggurat
184240 | Zig:23   | Noticed an ancient lich
184241 | Zig:23   | Noticed a dread lich
184243 | Zig:23   | Killed an ancient lich
184248 | Zig:23   | Killed a dread lich
184416 | Zig:23   | Found the +8 Wrath of Trog {antimagic, *Rage Rampage}
184425 | Zig:23   | Identified the ring of Sovereignty {rN+ EV+4 Int+4}
184428 | Zig:23   | Identified the +9 plate armour "Tuwn" {Harm rF- rN+ Str+2}
184604 | Zig:23   | Identified the +3 hunting sling "Geugher" {freeze, Dex+3}
184605 | Zig:23   | Identified the +1 hand axe "Zoxkie" {flame, Int+4}
184606 | Zig:23   | Identified the +8 arbalest of Fragile Peace {penet, *Slow
                  | rC+ rN+}
184616 | Zig:24   | Entered Level 24 of a ziggurat
184645 | Zig:24   | Reached skill level 22 in Spellcasting
184654 | Zig:24   | Found the +8 mithril axe "Arga" {speed, Will+}
184863 | Zig:24   | Identified the amulet "Kuawkesa" {RegenMP Harm Fragile
                  | Regen+}
184878 | Zig:24   | Identified the +9 great mace "Killer Klown's Bane" {elec,
                  | Drain Fly Str+8 Int+6}
184881 | Zig:24   | Identified the +7 scale mail of Mumblety Peg {rElec Dex+4}
184918 | Zig:24   | Identified the +5 scale mail of the Sturgeon {rN+ Int+3}
184926 | Zig:25   | Entered Level 25 of a ziggurat
184949 | Zig:25   | Reached skill level 10 in Earth Magic
185136 | Zig:25   | Identified the ring of Free Will {rElec rPois Int+7 Dex-4
                  | Stlth+}
185906 | Zig:25   | Identified the +3 quarterstaff of Yredelemnul's Regard
                  | {drain, Will- Int+5}
185908 | Zig:25   | Identified the +9 plate armour of the Endless Expanse
                  | {Drain rPois rN+ Slay+2}
185910 | Zig:25   | Identified the +7 scimitar of Disorder {spect, rCorr}
185915 | Zig:25   | Acquired 982 gold pieces
185925 | Zig:26   | Entered Level 26 of a ziggurat
185953 | Zig:26   | Reached skill level 23 in Spellcasting
186022 | Zig:26   | Found the +2 shield of Resistance {rF++ rC++ Will++}
186029 | Zig:27   | Entered Level 27 of a ziggurat
186126 | Zig:27   | Paralysed by a wendigo for 1 turns
186128 | Zig:27   | Noticed a dread lich
186135 | Zig:27   | Killed a dread lich
186160 | Zig:27   | Paralysed by a wendigo for 1 turns
186558 | Zig:27   | Found the +8 Vampire's Tooth {vamp}
186580 | Zig:27   | Reached skill level 15 in Earth Magic
186587 | Zig:27   | Acquired 1006 gold pieces
186688 | Zig:27   | Identified the +8 hunting sling of Keissi {freeze, Contam
                  | Will+ Int+8}
186721 | Zig:27   | Identified the +6 great mace of Qiniorph {drain, rElec rF+
                  | Will- MP+9}
186727 | Zig:27   | Got Itzadgh's Casting, Part Three
186983 | Vaults:2 | Bought the ring of Poecisk {Wiz Drain rF+ Str+5 Dex+2} for
                  | 902 gold pieces
187169 | Zig:1    | Entered Level 1 of a ziggurat
187353 | Zig:2    | Entered Level 2 of a ziggurat
187545 | Zig:3    | Entered Level 3 of a ziggurat
187671 | Zig:4    | Entered Level 4 of a ziggurat
187874 | Zig:5    | Entered Level 5 of a ziggurat
188033 | Zig:6    | Entered Level 6 of a ziggurat
188144 | Zig:6    | Identified the +3 chain mail of Defence {rPois Dex+3
                  | Stlth+}
188151 | Zig:7    | Entered Level 7 of a ziggurat
188161 | Zig:7    | Found the +6 lightning scales {swift, rElec}
188268 | Zig:7    | Identified the +4 war axe "Goblin's Regret" {elec, rPois
                  | Dex+3}
188315 | Zig:7    | Identified the +4 trident of the Dowdy God {flame, MP+9}
188330 | Zig:8    | Entered Level 8 of a ziggurat
188561 | Zig:9    | Entered Level 9 of a ziggurat
188567 | Zig:9    | Found the dreamshard necklace {*Dream Drain}
188567 | Zig:9    | Found the necklace of Bloodlust {*Rage Will++ Int-3 Slay+6}
188693 | Zig:9    | Identified the +4 robe of Tukkoshri {rPois rCorr Dex-3
                  | Stlth+}
188703 | Zig:9    | Identified the +10 spear of Trauma {vorpal, Str+7 Dex-3}
188763 | Zig:10   | Entered Level 10 of a ziggurat
188772 | Zig:10   | Reached skill level 15 in Shields
188914 | Zig:10   | Identified the ring of the Will of the Gods {rF+ rN+ Will-
                  | Int+5}
188934 | Zig:10   | Identified the +5 short sword "Xiwem" {flame, *Slow rElec
                  | rN++ Int+2}
188965 | Zig:11   | Entered Level 11 of a ziggurat
188970 | Zig:11   | Noticed Limiur the pandemonium lord
188970 | Zig:11   | Noticed Ysepor the pandemonium lord
188971 | Zig:11   | Noticed Iste Arph the pandemonium lord
188973 | Zig:11   | Killed Limiur the pandemonium lord
188975 | Zig:11   | Killed Ysepor the pandemonium lord
188977 | Zig:11   | Killed Iste Arph the pandemonium lord
189222 | Zig:11   | Identified the +7 dire flail "Widowmaker" {vamp, SInv}
189229 | Zig:12   | Entered Level 12 of a ziggurat
189239 | Zig:12   | Noticed an ancient lich
189256 | Zig:12   | Killed an ancient lich
189257 | Zig:12   | Reached skill level 24 in Spellcasting
189447 | Zig:12   | Identified the ring "Qorear" {rC+ MP+9 Dex+4}
189461 | Zig:12   | Identified the quicksilver dragon scales of the Journeyman
                  | {rPois Will+ rCorr Int-3 Stlth+}
189551 | Zig:12   | Learned a level 9 spell: Shatter
189556 | Zig:13   | Entered Level 13 of a ziggurat
189806 | Zig:13   | Identified the +8 falchion of Ashenzari's Supremacy
                  | {vorpal, *Noise Str+4 Dex+2}
189855 | Zig:14   | Entered Level 14 of a ziggurat
190108 | Zig:14   | Identified the +10 glaive of Hubris {flame, rF+}
190176 | Zig:15   | Entered Level 15 of a ziggurat
190234 | Zig:15   | Reached skill level 5 in Axes
190469 | Zig:15   | Got Cyzxizau's Reference Book on the Frostbite and the
                  | Birds
190472 | Zig:15   | Identified the +5 flail "Pukkanin" {venom, *Rage rPois
                  | Will+ Str+5 Dex+3}
190474 | Zig:15   | Got the Collected Works on Lightness and the Snowflakes
190476 | Zig:15   | Got the Papyrus of Harmful Weightlessness
190518 | Zig:15   | Identified the +0 quick blade of Josaott {freeze, rC+
                  | Dex+4}
190538 | Zig:16   | Entered Level 16 of a ziggurat
190547 | Zig:16   | Noticed an ancient lich
190547 | Zig:16   | Noticed an ancient lich
190550 | Zig:16   | Reached skill level 10 in Axes
190550 | Zig:16   | Killed an ancient lich
190559 | Zig:16   | Killed an ancient lich
190704 | Zig:16   | Identified the +6 shortbow "Xaediwk" {venom, Int+3 Dex+2}
190788 | Zig:16   | Identified the +0 steam dragon scales of Too Many Cooks
                  | {rPois}
190802 | Zig:17   | Entered Level 17 of a ziggurat
190810 | Zig:17   | Noticed a dread lich
190819 | Zig:17   | Killed a dread lich
191079 | Zig:18   | Entered Level 18 of a ziggurat
191096 | Zig:18   | Noticed Giuloqid the pandemonium lord
191099 | Zig:18   | Reached skill level 10 in Throwing
191101 | Zig:18   | Killed Giuloqid the pandemonium lord
191103 | Zig:18   | Found the +12 glaive of Prune {vorpal}
191262 | Zig:18   | Identified the +6 rapier of the Living God {flame, Contam
                  | rElec rC+ Dex+2}
191268 | Zig:18   | Identified the amulet of the Blind Eye {Reflect rCorr SH+5}
191276 | Zig:18   | Identified the +6 hunting sling "Jelly's Demise" {freeze,
                  | *Corrode Drain Fly Str+4}
191358 | Zig:18   | Reached skill level 15 in Axes
191364 | Zig:19   | Entered Level 19 of a ziggurat
191654 | Zig:19   | Got the Disquisition on Earthen Arcane Weapons
191728 | Zig:19   | Identified the -9 tower shield of the Blizzard {rPois Will+
                  | Regen+ SInv}
191733 | Zig:19   | Identified the +8 longbow of Fagukh {speed, rC- Dex+8}
191751 | Zig:20   | Entered Level 20 of a ziggurat
191779 | Zig:20   | Noticed Fyhunn the pandemonium lord
191780 | Zig:20   | Killed Fyhunn the pandemonium lord
191989 | Zig:20   | Identified the +1 leather armour of the Peculiar Wars {Harm
                  | rPois Regen+ Int-3}
192138 | Zig:21   | Entered Level 21 of a ziggurat
192153 | Zig:21   | Noticed a royal mummy
192154 | Zig:21   | Noticed a royal mummy
192155 | Zig:21   | Noticed a royal mummy
192156 | Zig:21   | Killed a royal mummy
192157 | Zig:21   | Killed a royal mummy
192157 | Zig:21   | Noticed a royal mummy
192159 | Zig:21   | Killed a royal mummy
192160 | Zig:21   | Noticed a royal mummy
192161 | Zig:21   | Noticed a royal mummy
192161 | Zig:21   | Noticed a royal mummy
192163 | Zig:21   | Killed a royal mummy
192164 | Zig:21   | Reached skill level 15 in Throwing
192164 | Zig:21   | Killed a royal mummy
192164 | Zig:21   | Noticed a royal mummy
192165 | Zig:21   | Killed a royal mummy
192166 | Zig:21   | Killed a royal mummy
192166 | Zig:21   | Noticed a royal mummy
192166 | Zig:21   | Noticed a royal mummy
192166 | Zig:21   | Noticed a royal mummy
192169 | Zig:21   | Noticed a royal mummy
192170 | Zig:21   | Noticed a royal mummy
192171 | Zig:21   | Killed a royal mummy
192171 | Zig:21   | Killed a royal mummy
192171 | Zig:21   | Killed a royal mummy
192173 | Zig:21   | Killed a royal mummy
192173 | Zig:21   | Killed a royal mummy
192173 | Zig:21   | Noticed a royal mummy
192181 | Zig:21   | Killed a royal mummy
192196 | Zig:21   | Killed a royal mummy
192585 | Zig:21   | Identified the +1 hunting sling of Dullness {vorpal, rElec
                  | Stlth+}
192589 | Zig:21   | Identified the +7 flail of the Original Sin {vorpal, Dex+5}
192601 | Zig:22   | Entered Level 22 of a ziggurat
192616 | Zig:22   | Noticed a juggernaut
192621 | Zig:22   | Killed a juggernaut
192626 | Zig:22   | Noticed a juggernaut
192631 | Zig:22   | Killed a juggernaut
192983 | Zig:22   | Identified the +11 trident of Cowardice {vorpal, Int+7}
193083 | Zig:22   | Identified the -3 cloak of Cusig {Int+6}
193084 | Zig:22   | Identified the +8 lajatang of the Apocalypse {speed, rElec
                  | Str+4 Int+2 Stlth-}
193095 | Zig:23   | Entered Level 23 of a ziggurat
193115 | Zig:23   | Noticed a juggernaut
193121 | Zig:23   | Killed a juggernaut
193442 | Zig:23   | Identified the ring "Suxankyz" {Dex+4 SInv}
193444 | Zig:23   | Identified the ring "Rorikkik" {Ice Str+3}
193452 | Zig:23   | Identified the ring "Ipuzoy" {Fire rN+ Will- Int+6}
193454 | Zig:23   | Identified the amulet of Errut {Faith Int+2}
193474 | Zig:23   | Identified the +7 quarterstaff of Discomfort {antimagic,
                  | rC+ Str+6 Int-3 Dex+4}
193587 | Zig:23   | Identified the +0 ring mail of Daebba {*Slow rElec Str+8}
193590 | Zig:23   | Identified the +3 plate armour of Wariness {rPois}
193602 | Zig:23   | Identified the +7 flail of Evil {flame, Str+4}
193612 | Zig:24   | Entered Level 24 of a ziggurat
193627 | Zig:24   | Noticed Rourugg the pandemonium lord
193628 | Zig:24   | Noticed Coute the pandemonium lord
193629 | Zig:24   | Noticed Kixisefa the pandemonium lord
193630 | Zig:24   | Noticed Niwoto the pandemonium lord
193631 | Zig:24   | Noticed Veir the pandemonium lord
193632 | Zig:24   | Noticed Naiw the pandemonium lord
193637 | Zig:24   | Killed Rourugg the pandemonium lord
193637 | Zig:24   | Killed Coute the pandemonium lord
193648 | Zig:24   | Killed Naiw the pandemonium lord
193648 | Zig:24   | Killed Veir the pandemonium lord
193655 | Zig:24   | Noticed Moamoym the pandemonium lord
193656 | Zig:24   | Noticed Ulait the pandemonium lord
193656 | Zig:24   | Noticed Conabo Jalou the pandemonium lord
193659 | Zig:24   | Killed Niwoto the pandemonium lord
193659 | Zig:24   | Killed Ulait the pandemonium lord
193659 | Zig:24   | Killed Kixisefa the pandemonium lord
193659 | Zig:24   | Noticed Riphaog the pandemonium lord
193661 | Zig:24   | Noticed Evuipp the pandemonium lord
193661 | Zig:24   | Noticed Pioniewn the pandemonium lord
193661 | Zig:24   | Noticed Funtac the pandemonium lord
193661 | Zig:24   | Noticed Poryzae the pandemonium lord
193663 | Zig:24   | Killed Conabo Jalou the pandemonium lord
193664 | Zig:24   | Killed Funtac the pandemonium lord
193664 | Zig:24   | Killed Moamoym the pandemonium lord
193664 | Zig:24   | Killed Poryzae the pandemonium lord
193669 | Zig:24   | Killed Riphaog the pandemonium lord
193670 | Zig:24   | Killed Pioniewn the pandemonium lord
193672 | Zig:24   | Noticed Ataeniec the pandemonium lord
193672 | Zig:24   | Noticed Xeotu the pandemonium lord
193675 | Zig:24   | Killed Ataeniec the pandemonium lord
193677 | Zig:24   | Killed Xeotu the pandemonium lord
193684 | Zig:24   | Noticed Avearr the pandemonium lord
193685 | Zig:24   | Killed Evuipp the pandemonium lord
193686 | Zig:24   | Killed Avearr the pandemonium lord
193688 | Zig:24   | Noticed Ymeuso the pandemonium lord
193692 | Zig:24   | Killed Ymeuso the pandemonium lord
193693 | Zig:24   | Noticed Hiurph the pandemonium lord
193699 | Zig:24   | Noticed Racuates the pandemonium lord
193702 | Zig:24   | Noticed Lahy the pandemonium lord
193704 | Zig:24   | Noticed Ummoem the pandemonium lord
193705 | Zig:24   | Killed Hiurph the pandemonium lord
193705 | Zig:24   | Noticed Maelaqi the pandemonium lord
193706 | Zig:24   | Killed Racuates the pandemonium lord
193707 | Zig:24   | Killed Ummoem the pandemonium lord
193709 | Zig:24   | Killed Lahy the pandemonium lord
193709 | Zig:24   | Killed Maelaqi the pandemonium lord
194160 | Zig:24   | Identified the +4 scythe "Jime" {vorpal, +Blink rC+ Int-5}
194180 | Zig:24   | Reached skill level 15 in Dodging
194192 | Zig:25   | Entered Level 25 of a ziggurat
194238 | Zig:25   | Reached skill level 15 in Fighting
194418 | Zig:25   | Identified the +8 falchion of Exoneration {holy, rPois
                  | rCorr Str-5 SInv}
194872 | Zig:25   | Identified the +7 great sword "Conservator" {holy, Str+6}
194879 | Zig:25   | Identified the +9 great sword "Cubrerya" {elec, rN+ Will++}
194881 | Zig:25   | Acquired a Necronomicon
194910 | Zig:26   | Entered Level 26 of a ziggurat
194930 | Zig:26   | Reached skill level 25 in Spellcasting
194942 | Zig:26   | Found the amulet of Vitality {Regen+ HP+15}
195166 | Zig:26   | Identified the amulet of Lugonu, Nurturing {Faith rC-
                  | Str+5}
195168 | Zig:26   | Identified the +2 robe of Lihiwose {Rampage rC+}
195186 | Zig:26   | Identified the +1 scale mail of Duisoduz {rF+ Dex+4}
195192 | Zig:26   | Identified the ring of Voqeo {rPois rC+}
195208 | Zig:26   | Identified the amulet of Midanarr {RegenMP rF+ rC- Int+5
                  | Dex+2}
195381 | Zig:26   | Identified the +3 quarterstaff of Fimbulwinter {holy,
                  | Fragile rCorr Int+3}
195384 | Zig:26   | Identified the +10 great mace of the Riding Viper {vorpal,
                  | rPois rF+ rC+}
195387 | Zig:26   | Identified the +1 robe of the Wary Friends {MP+9 Str+4
                  | Int-4}
195434 | Zig:27   | Entered Level 27 of a ziggurat
195455 | Zig:27   | Noticed Houjehih the pandemonium lord
195498 | Zig:27   | Killed Houjehih the pandemonium lord
196185 | Zig:27   | Identified the ring "Muwosywe" {rF+ rC+}
196196 | Zig:27   | Identified the +1 ring mail of Fashionability {Str+3}
196324 | Zig:27   | Identified the +8 hand axe "Kogov" {vorpal, rC+}
196326 | Zig:27   | Identified the +7 hand axe "Ikhaorr" {drain, rCorr}
196408 | Depths:2 | Lost mutation: Your mind is very acute. (Int +4) [potion of
                  | mutation]
196408 | Depths:2 | Lost mutation: You passively map a small area around you.
                  | [potion of mutation]
196408 | Depths:2 | Lost mutation: You occasionally shout uncontrollably at
                  | your foes. [potion of mutation]
196408 | Depths:2 | Gained mutation: You have a somewhat thin skeletal
                  | structure. (Dex +2, Stealth+) [potion of mutation]
196408 | Depths:2 | Gained mutation: You have a pair of small horns on your
                  | head. [potion of mutation]
196409 | Depths:2 | Lost mutation: Your mind is acute. (Int +2) [potion of
                  | mutation]
196409 | Depths:2 | Lost mutation: You have a somewhat thin skeletal structure.
                  | (Dex +2, Stealth+) [potion of mutation]
196409 | Depths:2 | Gained mutation: You have sharp toenails. [potion of
                  | mutation]
196409 | Depths:2 | Gained mutation: Your mind is acute. (Int +2) [potion of
                  | mutation]
196409 | Depths:2 | Lost mutation: You are weak. (Str -2) [potion of mutation]
196410 | Depths:2 | Lost mutation: Your mind is acute. (Int +2) [potion of
                  | mutation]
196410 | Depths:2 | Lost mutation: You have sharp toenails. [potion of
                  | mutation]
196410 | Depths:2 | Lost mutation: You have a pair of small horns on your head.
                  | [potion of mutation]
196410 | Depths:2 | Gained mutation: Your body sometimes deteriorates upon
                  | taking damage. [potion of mutation]
196410 | Depths:2 | Gained mutation: You have a somewhat thin skeletal
                  | structure. (Dex +2, Stealth+) [potion of mutation]
196410 | Depths:2 | Gained mutation: Your spells are a little easier to cast,
                  | but a little less powerful. [potion of mutation]
196410 | Depths:2 | Gained mutation: You have a pair of small horns on your
                  | head. [potion of mutation]
196411 | Depths:2 | Lost mutation: You have a somewhat thin skeletal structure.
                  | (Dex +2, Stealth+) [potion of mutation]
196411 | Depths:2 | Lost mutation: Your body sometimes deteriorates upon taking
                  | damage. [potion of mutation]
196411 | Depths:2 | Lost mutation: You have a pair of small horns on your head.
                  | [potion of mutation]
196411 | Depths:2 | Lost mutation: Your spells are a little easier to cast, but
                  | a little less powerful. [potion of mutation]
196426 | Zig:1    | Entered Level 1 of a ziggurat
196482 | Zig:2    | Entered Level 2 of a ziggurat
196626 | Zig:3    | Entered Level 3 of a ziggurat
196753 | Zig:3    | Acquired a +1 helmet of see invisible
196758 | Zig:4    | Entered Level 4 of a ziggurat
196914 | Zig:5    | Entered Level 5 of a ziggurat
197015 | Zig:5    | Identified the +3 spear "Trog's Brutal Revenge" {freeze,
                  | Int+2}
197022 | Zig:5    | Identified the amulet of Kica {Spirit Will+}
197033 | Zig:5    | Acquired 999 gold pieces
197036 | Zig:5    | Identified the +8 short sword "Zatyox" {drain, rF+}
197059 | Zig:6    | Entered Level 6 of a ziggurat
197064 | Zig:6    | Noticed an ancient lich
197067 | Zig:6    | Killed an ancient lich
197159 | Zig:6    | Identified the ring of the Zebra {Fly Int+4}
197169 | Zig:6    | Identified the ring of the Griffon {rC- AC+4 Str+3 Dex+4}
197180 | Zig:6    | Identified the +3 hand crossbow "Fesuessui" {venom, rElec}
197213 | Zig:7    | Entered Level 7 of a ziggurat
197455 | Zig:8    | Entered Level 8 of a ziggurat
197650 | Zig:9    | Entered Level 9 of a ziggurat
197655 | Zig:9    | Noticed a royal mummy
197655 | Zig:9    | Noticed a royal mummy
197655 | Zig:9    | Noticed a royal mummy
197657 | Zig:9    | Killed a royal mummy
197657 | Zig:9    | Killed a royal mummy
197657 | Zig:9    | Killed a royal mummy
197867 | Zig:9    | Identified the +3 leather armour "Wasiysko" {Slay+5}
197901 | Zig:10   | Entered Level 10 of a ziggurat
197927 | Zig:10   | Noticed Rorchiv the pandemonium lord
197933 | Zig:10   | Noticed Douchuhoil the pandemonium lord
197934 | Zig:10   | Killed Rorchiv the pandemonium lord
197942 | Zig:10   | Killed Douchuhoil the pandemonium lord
198127 | Zig:10   | Identified the ring of Voclyrr {Contam rC+ rN+ Will++}
198130 | Zig:10   | Identified the +3 whip of Precise Incision {speed, rN+
                  | Str+6 Dex+3}
198182 | Zig:11   | Entered Level 11 of a ziggurat
198193 | Zig:11   | Noticed Vuula the pandemonium lord
198193 | Zig:11   | Noticed Itseiwnu the pandemonium lord
198193 | Zig:11   | Noticed Qamog the pandemonium lord
198193 | Zig:11   | Noticed Cokydom the pandemonium lord
198195 | Zig:11   | Noticed Fysmaij the pandemonium lord
198195 | Zig:11   | Noticed Usoygg the pandemonium lord
198195 | Zig:11   | Noticed Nibemo the pandemonium lord
198195 | Zig:11   | Noticed Atwudewk the pandemonium lord
198197 | Zig:11   | Noticed Ykheomu the pandemonium lord
198198 | Zig:11   | Killed Qamog the pandemonium lord
198200 | Zig:11   | Killed Itseiwnu the pandemonium lord
198200 | Zig:11   | Killed Ykheomu the pandemonium lord
198201 | Zig:11   | Noticed Beteev the pandemonium lord
198203 | Zig:11   | Killed Beteev the pandemonium lord
198204 | Zig:11   | Reached skill level 26 in Spellcasting
198204 | Zig:11   | Killed Atwudewk the pandemonium lord
198217 | Zig:11   | Killed Nibemo the pandemonium lord
198231 | Zig:11   | Killed Usoygg the pandemonium lord
198242 | Zig:11   | Killed Fysmaij the pandemonium lord
198242 | Zig:11   | Killed Vuula the pandemonium lord
198253 | Zig:11   | Killed Cokydom the pandemonium lord
198429 | Zig:11   | Identified the +10 battleaxe "Myluguom" {vorpal, Str+6
                  | Dex+3}
198473 | Zig:11   | Identified the +6 hunting sling "Zumog" {speed, rF+ Int+4}
198479 | Zig:12   | Entered Level 12 of a ziggurat
198779 | Zig:12   | Identified the ring "Yqoawer" {Fire rN++}
198789 | Zig:12   | Identified the +5 ring mail of the Blue Skies {rF+ Stlth+}
198822 | Zig:13   | Entered Level 13 of a ziggurat
199011 | Zig:13   | Identified the +1 leather armour of Hubris {Will+ Regen+
                  | Str+5}
199015 | Zig:13   | Identified the ring of Qaneikk {Wiz rF+++ rC- Will- Stlth+}
199023 | Zig:13   | Identified the +3 leather armour "Kaom" {Regen+ rCorr
                  | Slay+2}
199108 | Zig:13   | Identified the +12 eveningstar of Devotion {spect, Fragile
                  | rF++}
199120 | Zig:14   | Entered Level 14 of a ziggurat
199543 | Zig:14   | Identified the +4 leather armour "Vuzxuen" {Rampage Str-4
                  | Int+4 Dex+3}
199552 | Zig:15   | Entered Level 15 of a ziggurat
199575 | Zig:15   | Noticed Juq Maoq the pandemonium lord
199577 | Zig:15   | Noticed Eklo the pandemonium lord
199579 | Zig:15   | Noticed Buteesewn the pandemonium lord
199580 | Zig:15   | Noticed Xyups the pandemonium lord
199582 | Zig:15   | Noticed Ywoeza the pandemonium lord
199582 | Zig:15   | Killed Ywoeza the pandemonium lord
199582 | Zig:15   | Noticed Doolirowk the pandemonium lord
199582 | Zig:15   | Noticed Doytisue the pandemonium lord
199583 | Zig:15   | Killed Xyups the pandemonium lord
199584 | Zig:15   | Killed Buteesewn the pandemonium lord
199585 | Zig:15   | Killed Juq Maoq the pandemonium lord
199586 | Zig:15   | Noticed Jadegg the pandemonium lord
199589 | Zig:15   | Killed Doytisue the pandemonium lord
199589 | Zig:15   | Killed Jadegg the pandemonium lord
199589 | Zig:15   | Noticed Beuzipun the pandemonium lord
199590 | Zig:15   | Noticed Acoaziha the pandemonium lord
199590 | Zig:15   | Noticed Miyfefy the pandemonium lord
199593 | Zig:15   | Killed Doolirowk the pandemonium lord
199593 | Zig:15   | Noticed Uhauntun the pandemonium lord
199594 | Zig:15   | Killed Eklo the pandemonium lord
199594 | Zig:15   | Killed Beuzipun the pandemonium lord
199594 | Zig:15   | Killed Miyfefy the pandemonium lord
199594 | Zig:15   | Noticed Usuz the pandemonium lord
199595 | Zig:15   | Killed Acoaziha the pandemonium lord
199598 | Zig:15   | Killed Usuz the pandemonium lord
199601 | Zig:15   | Killed Uhauntun the pandemonium lord
199848 | Zig:15   | Identified the +4 scale mail of the Volcano {*Slow rElec
                  | rC+++ SInv}
199892 | Zig:15   | Learned a level 9 spell: Death's Door
199892 | Zig:15   | Upgraded the game from 0.29-a0-270-g1586fc07ea to
                  | 0.29-a0-271-gd4eb659eea
199916 | Zig:16   | Entered Level 16 of a ziggurat
200278 | Zig:16   | Found the +5 scythe "Finisher" {speed, eviscerate}
200286 | Zig:16   | Identified the ring "Cunuesam" {rElec SInv}
200289 | Zig:16   | Identified the ring "Egeankum" {Wiz rF+ rC- Str+7}
200300 | Zig:16   | Identified the amulet of Tausmus {Reflect SH+5 SInv Stlth+}
200372 | Zig:16   | Identified the +0 war axe of Execution {chaos, Int+2}
200374 | Zig:16   | Acquired 1368 gold pieces
200417 | Zig:17   | Entered Level 17 of a ziggurat
200703 | Zig:17   | Found the amulet of the Air {Inacc Air Fly rElec RMsl}
200708 | Zig:17   | Identified the amulet "Cobbeen" {RegenMP rC- Will- Int+7}
200714 | Zig:17   | Identified the +0 steam dragon scales of the Iron Devil
                  | {-Cast +Blink Dex+4}
200767 | Zig:17   | Identified the +2 hunting sling "Ukhlapeo" {speed, +Blink
                  | rElec Str+4}
200769 | Zig:17   | Identified the +4 hand crossbow of the Swamp {flame, Contam
                  | rElec rCorr SInv}
200772 | Zig:17   | Identified the +0 plate armour of the Game of Kings {*Slow
                  | Dex+5}
200776 | Zig:18   | Entered Level 18 of a ziggurat
201166 | Zig:18   | Identified the +6 hunting sling "Usaxif" {flame, Int+3}
201212 | Zig:19   | Entered Level 19 of a ziggurat
201231 | Zig:19   | Noticed Xywi the pandemonium lord
201231 | Zig:19   | Noticed Anirirgh the pandemonium lord
201231 | Zig:19   | Noticed Tifaust the pandemonium lord
201231 | Zig:19   | Noticed Neabbea the pandemonium lord
201231 | Zig:19   | Noticed Myaruh the pandemonium lord
201233 | Zig:19   | Noticed Vufaug the pandemonium lord
201233 | Zig:19   | Noticed Esiseata the pandemonium lord
201235 | Zig:19   | Noticed Ixzuelaf the pandemonium lord
201236 | Zig:19   | Killed Vufaug the pandemonium lord
201236 | Zig:19   | Noticed Okiz the pandemonium lord
201237 | Zig:19   | Killed Xywi the pandemonium lord
201237 | Zig:19   | Killed Myaruh the pandemonium lord
201238 | Zig:19   | Reached skill level 15 in Evocations
201238 | Zig:19   | Killed Neabbea the pandemonium lord
201238 | Zig:19   | Killed Tifaust the pandemonium lord
201238 | Zig:19   | Noticed Casureaw the pandemonium lord
201239 | Zig:19   | Killed Esiseata the pandemonium lord
201239 | Zig:19   | Killed Okiz the pandemonium lord
201239 | Zig:19   | Killed Anirirgh the pandemonium lord
201239 | Zig:19   | Noticed Jisyneip the pandemonium lord
201240 | Zig:19   | Killed Ixzuelaf the pandemonium lord
201240 | Zig:19   | Noticed Mokhut the pandemonium lord
201241 | Zig:19   | Noticed Ceror the pandemonium lord
201241 | Zig:19   | Noticed Rerchouv the pandemonium lord
201241 | Zig:19   | Noticed Muzuemih the pandemonium lord
201243 | Zig:19   | Killed Casureaw the pandemonium lord
201243 | Zig:19   | Noticed Pammit the pandemonium lord
201243 | Zig:19   | Noticed Ydeach the pandemonium lord
201247 | Zig:19   | Killed Mokhut the pandemonium lord
201247 | Zig:19   | Killed Ceror the pandemonium lord
201247 | Zig:19   | Noticed Vuelar the pandemonium lord
201248 | Zig:19   | Killed Rerchouv the pandemonium lord
201249 | Zig:19   | Killed Jisyneip the pandemonium lord
201249 | Zig:19   | Killed Ydeach the pandemonium lord
201249 | Zig:19   | Killed Pammit the pandemonium lord
201287 | Zig:19   | Killed Vuelar the pandemonium lord
201307 | Zig:19   | Killed Muzuemih the pandemonium lord
201509 | Zig:19   | Identified the amulet "Roryruem" {Acrobat Harm Rampage
                  | rPois}
201636 | Zig:19   | Identified the +6 hand axe of Slimy Judgement {vorpal,
                  | Int-5 Dex+4}
201641 | Zig:20   | Entered Level 20 of a ziggurat
201678 | Zig:20   | Noticed an ancient lich
201680 | Zig:20   | Found the ring of the Octopus King
201694 | Zig:20   | Noticed a dread lich
201699 | Zig:20   | HP: 11/275 [??? (7)]
201699 | Zig:20   | HP: 4/275 [putrid mouth/foul vapour (7)]
201703 | Zig:20   | Killed from afar by a Tzitzimitl

Illustrated notes

Levels and vault maps discovered:
D:1:      dpeg_arrival_ternary, layout_loops_ring,
          shapermc_ecumenical_altar_hornbeckon
D:2:      layout_loops_ring, hangedman_decor_push
D:3:      gammafunk_wand_slinger, layout_loops_ring,
          mainiacjoe_overflow_alcove_2, zin_angel, corexii_leaking_fountain,
          grunt_ministairs_6, minmay_misc_feat_x
D:4:      minmay_chambers_of_threes, layout_loops_ring, fiery_altar_vehumet,
          led_sif_book, lemuel_tele_altar
D:5:      layout_rooms, trog_butcher_becter
D:6:      layout_loops_cross, abandoned_shop
D:7:      layout_basic, riverfiend_overflow_shadow_ancestor,
          mainiacjoe_overflow_alcove_1, temple_pool_b, minmay_misc_feat_room,
          hangedman_abyss_or_decor_passed, st_stairs_7, uniq_pikel
D:8:      layout_loops_corners, uniq_erica, uniq_maggie
D:9:      layout_irregular_city, erik_orc_2, minmay_puff, uniq_maurice
D:10:     layout_big_octagon, lair_entry_dummy, nicolae_take_the_stairs,
          minmay_misc_feat_roman, uniq_joseph, uniq_josephine, uniq_snorg
D:11:     layout_grid_maze, uniq_fannar, uniq_urug
D:12:     layout_basic, uniq_sonja, uniq_frances
D:13:     layout_stronghold, grunt_vaults_entry_tiered,
          worldfamousw_hep_ancestral_shrine
D:14:     layout_roguey, serial_shops, shop, kennysheep_mini_moat,
          shop_fountains, kennysheep_mini, portal_ice_cave_entry_ice_statue_one,
          uniq_kirke
D:15:     hangedman_depths_entry_civil_slaughter, layout_layer_cave,
          minivault_26, nicolae_ru_the_path_less_chosen
Temple:   nicolae_temple_figure_eight
Lair:1:   layout_long_grid, cheibrodos_lair_reptile_den, grunt_megastairs_4,
          lemuel_fruit_tree
Lair:2:   nzn_winding_woodlands_stair_trap [nzn_winding_woodlands_5x15_parted,
          nzn_winding_woodlands_5x15_longhouse,
          nzn_winding_woodlands_5x15_pockets,
          nzn_winding_woodlands_15x15_killbox,
          nzn_winding_woodlands_5x15_pathside_ponds,
          nzn_winding_woodlands_5x15_river_crossing,
          nzn_winding_woodlands_5x15_twine], layout_chaotic_city,
          minmay_shoals_entry_hut, ebering_ghost_rock_garden,
          serial_bayou_shore_a
Lair:3:   layout_regular_city, beast_lair_carwin_4, infiniplex_staircase_pool
Lair:4:   layout_gridlike, spider_nest_entry_webs
Lair:5:   layout_small_grid
Lair:6:   evil_forest, layout_small_grid, nicolae_slime_entry_slimehenge,
          enter_volcano_4, lemuel_fruit_fields, serial_bayou_shore_b,
          uniq_rupert
Shoals:1: layout_shoals, hellmonk_ghost_happy_afterlife, serial_shops,
          shop_statue, nicolae_shoals_water_booths
Shoals:2: layout_shoals, gammafunk_ghost_necromancy,
          nicolae_shoals_siren_and_animal_friends
Shoals:3: layout_shoals, abandoned_shop
Shoals:4: shoals_end_hellmonk_lost_city
Spider:1: nicolae_spider_mines_3, uniq_jorgrun, uniq_asterion
Spider:2: layout_spider_delve, drop_trap
Spider:3: layout_chambers, nicolae_spider_stair_cavern
Spider:4: hellmonk_spider_rune_bug_friends, worms_lemuel, uniq_arachne,
          uniq_mlioglotl
Slime:1:  layout_caves
Slime:2:  layout_caves
Slime:3:  layout_caves
Slime:4:  layout_caves
Slime:5:  uniq_dissolution
Orc:1:    layout_caves, serial_shops, shop_coins, uniq_nergalle
Orc:2:    grunt_orc_cross, layout_caves, bloody_makhleb
Elf:1:    layout_geoelf_octagon, hangedman_elven_crosses_minicolossus,
          nicolae_elf_shapeshifter_party
Elf:2:    nicolae_elf_blades_crystal_corner, layout_geoelf_diagonals,
          minmay_the_grid_square_5x5_3x3_mashed
          [minmay_the_grid_square_5x5_inner_v,
          minmay_the_grid_square_5x5_longway,
          minmay_the_grid_square_5x5_gyroscope, minmay_the_grid_square_5x5_mess,
          minmay_the_grid_square_5x5_megaprize_crossed,
          minmay_the_grid_square_5x5_checkered,
          minmay_the_grid_square_5x5_seven, minmay_the_grid_square_5x5_three,
          minmay_the_grid_square_5x5_empty]
Elf:3:    minmay_elf_hall_dome, layout_rooms, einodemon_crawler_minivault,
          uniq_louise
Vaults:1: mu_enter_wizlab_5, hangedman_vaults_locks, v_rooms_6,
          nicolae_vaults_alarming, hangedman_vaults_snaps,
          vaults_room_grunt_arrival_ludios, nicolae_vaults_little_squares_5,
          grunt_vaults_bifocal, v_pattern_5, nicolae_vaults_little_squares_5,
          nicolae_vaults_little_squares_1, vaults_dpeg_hooks,
          layout_vaults_omnibox, serial_shops, nicolae_square_shop, shop,
          shop_fountains
Vaults:2: minmay_crypt_entry_necro_gods, nicolae_vaults_holding_cells,
          nicolae_vaults_little_squares_1, nicolae_vaults_circle_grid_b,
          v_misc_3, v_alt_pattern_3, v_pattern_3,
          nicolae_vaults_little_squares_2, hangedman_vaults_corner_blocks,
          vaults_dpeg_diagonal, layout_vaults_ring, nicolae_trove_entry_columns
Vaults:3: v_pattern_4, hangedman_vaults_corner_blocks, vaults_room_hallway,
          v_misc_19, vaults_room_semicircle, vaults_room_glass_cross,
          serial_ice_b, v_misc_16, nicolae_vaults_ring_of_whatevers,
          vaults_room_stairs_pillars, layout_vaults_quadrants
Vaults:4: nzn_ghost_randoct, nicolae_vaults_hallways_thing,
          nicolae_vaults_triangles, nicolae_vaults_windows_and_doors_thing,
          hangedman_vaults_impose, hangedman_vaults_slither,
          nicolae_vaults_c_with_doors, ontoclasm_vaults_tryst,
          grunt_vaults_hallway_short, ontoclasm_vaults_loading_screen,
          layout_vaults_big_cross, serial_glass
Vaults:5: serial_shops, uniq_sojobo
Crypt:1:  layout_chaotic_city, uniq_mennas, uniq_saint_roka, uniq_jory
Crypt:2:  cheibrodos_crypt_draghalla, layout_misc_corridors,
          gammafunk_ghost_door_vault, lemuel_upstairs_altar, uniq_margery
Crypt:3:  cryptofortress_bobbens
Depths:1: minmay_triangles_in_corner, layout_twisted_cross, abyss_entry,
          special_room [special_room_morgue], grunt_metal_band,
          roderic_st_hans_cross, grunt_dithmenos_smoke, grunt_megastairs_5,
          infiniplex_staircase_pool_lava
Depths:2: hangedman_crystal_crosses_colossus [crystal_crosses_arms_four,
          crystal_crosses_arms_four, crystal_crosses_arms_one,
          crystal_crosses_arms_one], pan_entry, hell_entry
Depths:3: minmay_skeleton_keep, layout_cave_pools, abyss_entry,
          ebering_ghost_xom, hangedman_decor_peaks_small, hell_entry,
          hangedman_glass_teeth
Depths:4: grunt_zot_entry_tricorne, layout_cave_pools, hell_entry,
          minmay_misc_feat_chi, uniq_frederick
Zot:1:    kennysheep_room_grid, layout_gridlike, uniq_zenata
Zot:2:    layout_basic
Zot:3:    layout_basic, uniq_tiamat
Zot:4:    lemuel_halls_of_wrath, layout_misc_corridors,
          ebering_ghost_rock_garden, nicolae_lava_and_water,
          amethyst_zot_foddershock
Zot:5:    layout_basic, ebering_ghost_disaster_area,
          hangedman_zot_decor_unnerving_road, nicolae_transmutations_shop
Zig:20:   ziggurat_pillar_abc, ziggurat_pillar_abc, ziggurat_pillar_abc,
          ziggurat_pillar_abc, ziggurat_pillar_centre_c,
          ziggurat_pillar_centre_c, ziggurat_pillar_centre_c,
          ziggurat_pillar_centre_c

Skill      XL: |  1  2  3  4  5  6  7  8  9 10 11 12 13 14 15 16 17 18 19 20 21 22 23 24 25 26 27 |
---------------+----------------------------------------------------------------------------------+-----
Dodging        | 2 3 4 5 7 8 10 19 | 19.4
Stealth        | 2 5 |  5.0
Conjurations   | 5 6 7 9 10 11 12 13 15 16 17 18 19 20 21 23 | 23.4
Spellcasting   | 3 4 5 6 7 8 10 12 13 14 15 16 17 26 | 26.3
Shields        | 1 2 3 5 6 7 8 9 10 17 | 17.5
Translocations | 1 3 5 6 7 |  7.0
Fighting       | 1 3 5 6 7 8 9 10 11 12 17 | 17.7
Hexes          | 2 6 7 |  7.0
Armour         | 2 3 6 7 8 10 11 12 13 15 20 | 20.8
Throwing       | 2 3 5 6 8 16 | 16.0
Evocations     | 1 3 5 8 10 11 12 15 | 15.4
Transmutations | 6 9 10 11 12 | 12.0
Fire Magic     | 1 2 4 9 11 13 14 17 23 | 23.6
Maces & Flails | 2 4 |  4.0
Ice Magic      | 5 10 12 15 16 18 23 | 23.6
Necromancy     | 4 10 12 14 15 16 23 | 23.5
Earth Magic    | 23 | 23.6
Air Magic      | 23 | 23.6
Axes           | 17 | 17.8

Action                   |  1- 3 |  4- 6 |  7- 9 | 10-12 | 13-15 | 16-18 | 19-21 | 22-24 | 25-27 || total
-------------------------+-------+-------+-------+-------+-------+-------+-------+-------+-------++-------
Melee: Dagger            |     3 |       |     4 |     6 |    55 |   141 |       |       |       ||   209
       Spear             |       |       |       |    67 |   339 |       |       |       |       ||   406
       Fustibalus        |       |       |       |       |     3 |     1 |       |       |       ||     4
       Hand axe          |       |       |       |       |    22 |   254 |   944 |   503 |   398 ||  2121
       Demon whip        |       |       |       |       |       |   202 |       |       |       ||   202
       Rapier            |       |       |       |       |       |       |       |   216 |   269 ||   485
       Broad axe         |       |       |       |       |       |       |       |       |   317 ||   317
       Trident           |       |       |       |       |       |       |       |       |    21 ||    21
       Staff             |       |       |       |       |       |       |       |       |    19 ||    19
 Fire: Hunting sling     |       |       |    11 |    15 |     5 |       |       |       |       ||    31
       Fustibalus        |       |       |       |       |    99 |   117 |       |       |       ||   216
Throw: Dart              |       |       |       |       |     8 |   210 |       |     2 |       ||   220
       Boomerang         |       |       |       |       |     1 |   134 |   240 |   164 |    20 ||   559
       Javelin           |       |       |       |       |       |       |       |    29 |    75 ||   104
 Cast: Magic Dart        |    66 |    51 |    91 |    88 |   101 |       |       |       |       ||   397
       Searing Ray       |     3 |    14 |    77 |    82 |    36 |       |       |       |       ||   212
       Iskenderun's Myst |       |       |     5 |    67 |     1 |     1 |       |       |     1 ||    75
       Fulminant Prism   |       |       |     3 |   111 |    95 |     4 |       |       |       ||   213
       Mephitic Cloud    |       |       |       |     5 |   105 |    61 |    53 |    28 |     2 ||   254
       Irradiate         |       |       |       |     2 |   129 |   349 |   296 |   445 |   509 ||  1730
       Ignite Poison     |       |       |       |     1 |   104 |   171 |    27 |    25 |     4 ||   332
       Yara's Violent Un |       |       |       |       |    10 |     4 |    63 |    36 |    23 ||   136
       Orb of Destructio |       |       |       |       |    14 |     7 |    49 |   207 |   335 ||   612
       Ozocubu's Refrige |       |       |       |       |       |       |    11 |    25 |   220 ||   256
       Apportation       |       |       |       |       |       |       |       |   116 |    90 ||   206
       Passage of Golubr |       |       |       |       |       |       |       |     5 |     9 ||    14
       Ignition          |       |       |       |       |       |       |       |       |   523 ||   523
       Necromutation     |       |       |       |       |       |       |       |       |    90 ||    90
       Chain Lightning   |       |       |       |       |       |       |       |       |    61 ||    61
       Shatter           |       |       |       |       |       |       |       |       |    61 ||    61
       Polar Vortex      |       |       |       |       |       |       |       |       |    30 ||    30
       Sublimation of Bl |       |       |       |       |       |       |       |       |    11 ||    11
Invok: Call Merchant     |       |       |       |     1 |     3 |       |       |     3 |       ||     7
       Potion Petition   |       |       |       |     1 |     4 |     1 |     1 |     1 |   115 ||   123
 Abil: Evoke Blink       |       |       |       |       |       |       |       |     1 |    20 ||    21
       End Transformatio |       |       |       |       |       |       |       |       |    11 ||    11
       Evoke Invisibilit |       |       |       |       |       |       |       |       |     1 ||     1
Evoke: Wand              |       |       |       |     9 |       |    29 |     2 |     3 |     4 ||    47
       Phial of floods   |       |       |       |       |       |       |     1 |       |       ||     1
       Condenser vane    |       |       |       |       |       |       |       |     2 |     3 ||     5
       Tin of tremorston |       |       |       |       |       |       |       |     2 |       ||     2
       Lightning rod     |       |       |       |       |       |       |       |     1 |     1 ||     2
       Phantom mirror    |       |       |       |       |       |       |       |       |     1 ||     1
       Figurine of a zig |       |       |       |       |       |       |       |       |     2 ||     2
  Use: Scroll            |     1 |     3 |     7 |    15 |    18 |     7 |     3 |    10 |    51 ||   115
       Potion            |       |     1 |     1 |     1 |     5 |    10 |     4 |     8 |    98 ||   128
 Stab: Paralysed         |       |       |       |     5 |       |       |       |       |       ||     5
       Confused          |       |       |       |       |     9 |     9 |    15 |     8 |       ||    41
       Sleeping          |       |       |       |       |     2 |     4 |    15 |     3 |       ||    24
       Distracted        |       |       |       |       |     1 |     3 |    14 |     5 |    12 ||    35
       Invisible         |       |       |       |       |       |       |       |       |    12 ||    12
Armor: Robe              |     1 |     2 |     6 |    46 |    41 |       |       |       |       ||    96
       Leather armour    |       |       |       |       |    80 |   332 |   189 |   272 |   448 ||  1321
       Skin              |       |       |       |       |       |       |       |       |    25 ||    25
       Quicksilver drago |       |       |       |       |       |       |       |       |   168 ||   168
Dodge: Dodged            |     4 |     6 |    31 |    83 |   282 |   431 |   374 |   466 |   764 ||  2441
Block: Buckler           |     1 |     1 |    29 |   111 |   364 |   870 |  1007 |  1083 |  1065 ||  4531
       Reflection        |       |       |       |       |       |    43 |   105 |    17 |       ||   165
       Kite shield       |       |       |       |       |       |       |       |       |   360 ||   360

Table legend: (Time is in decaauts)
 A = Elapsed time spent in this place.
 B = Non-inter-level travel time spent in this place.
 C = Inter-level travel time spent in this place.
 D = Time resting spent in this place.
 E = Time spent auto-exploring this place.
 F = Levels seen in this place.
 G = Mean time per level.
                   A        B        C        D        E       F      G
               +--------+--------+--------+--------+--------+-----+--------+
         Total | 202430 | 183638 |  18792 |  44810 |  98880 | 135 | 1499.5 |
       Dungeon |  42205 |  35205 |   7000 |   7026 |  22327 |  15 | 2813.7 |
        Temple |    221 |    196 |     25 |      0 |    189 |   1 |  221.0 |
          Lair |  19969 |  16510 |   3459 |   3161 |  10441 |   6 | 3328.2 |
        Shoals |   9783 |   9441 |    342 |   2513 |   4413 |   4 | 2445.8 |
   Spider Nest |  11677 |  10715 |    962 |   2370 |   5944 |   4 | 2919.2 |
    Slime Pits |   7533 |   6763 |    770 |   1999 |   3538 |   5 | 1506.6 |
  Orcish Mines |   4292 |   3877 |    415 |   1259 |   1741 |   2 | 2146.0 |
   Elven Halls |   8067 |   7783 |    284 |   1858 |   3982 |   3 | 2689.0 |
        Vaults |  26728 |  24086 |   2642 |   8075 |  11501 |   5 | 5345.6 |
         Crypt |  11279 |  10633 |    646 |   3165 |   4699 |   3 | 3759.7 |
        Depths |  17897 |  16410 |   1487 |   4560 |   8145 |   4 | 4474.2 |
           Zot |  16098 |  15342 |    756 |   5404 |   7168 |   5 | 3219.6 |
      Ziggurat |  22473 |  22473 |      0 |   1759 |  14187 |  74 |  303.7 |
         Trove |     50 |     50 |      0 |      0 |     13 |   1 |   50.0 |
      Ice Cave |   2730 |   2730 |      0 |   1274 |    538 |   1 | 2730.0 |
       Volcano |    265 |    265 |      0 |      0 |     52 |   1 |  265.0 |
        Wizlab |   1154 |   1154 |      0 |    382 |      0 |   1 | 1154.0 |
               +--------+--------+--------+--------+--------+-----+--------+

Top non-repeatable levels by time:
Vaults:4: 10633 daAuts
Depths:2: 6430 daAuts
Vaults:2: 5712 daAuts
    D:11: 5538 daAuts
    D:15: 5468 daAuts
  Lair:2: 4848 daAuts
   Zot:2: 4710 daAuts
     D:9: 4654 daAuts
 Crypt:1: 4631 daAuts
  Lair:4: 4401 daAuts
   Zot:3: 4390 daAuts
Depths:1: 4374 daAuts
Depths:3: 4155 daAuts
   Zot:4: 3884 daAuts
Spider:3: 3805 daAuts
